Workbook
Name \a: [1]Insumos!#REF!
Name \a: [1]Insumos!#REF!
Name \a: [1]Insumos!#REF!
Name \b: [2]INSUMOS!#REF!
Name \b: [2]INSUMOS!#REF!
Name \b: [2]INSUMOS!#REF!
Name \i: [2]INSUMOS!#REF!
Name \i: [2]INSUMOS!#REF!
Name \i: [2]INSUMOS!#REF!
Name \m: [2]INSUMOS!#REF!
Name \m: [2]INSUMOS!#REF!
Name \m: [2]INSUMOS!#REF!
Name \r: [2]INSUMOS!#REF!
Name \r: [2]INSUMOS!#REF!
Name \r: [2]INSUMOS!#REF!
Name \t: [2]INSUMOS!#REF!
Name \t: [2]INSUMOS!#REF!
Name \t: [2]INSUMOS!#REF!
Name \x: [2]INSUMOS!#REF!
Name \x: [2]INSUMOS!#REF!
Name \x: [2]INSUMOS!#REF!
Name _________________________________apu1: [2]INSUMOS!#REF!
Name _________________________________apu1: [2]INSUMOS!#REF!
Name _________________________________apu1: [2]INSUMOS!#REF!
Name ________________________________apu1: [2]INSUMOS!#REF!
Name ________________________________apu1: [2]INSUMOS!#REF!
Name ________________________________apu1: [2]INSUMOS!#REF!
Name _______________________________apu1: [2]INSUMOS!#REF!
Name _______________________________apu1: [2]INSUMOS!#REF!
Name _______________________________apu1: [2]INSUMOS!#REF!
Name ______________________________apu1: [2]INSUMOS!#REF!
Name ______________________________apu1: [2]INSUMOS!#REF!
Name ______________________________apu1: [2]INSUMOS!#REF!
Name ____________________________apu1: [2]INSUMOS!#REF!
Name ____________________________apu1: [2]INSUMOS!#REF!
Name ____________________________apu1: [2]INSUMOS!#REF!
Name ___________________________apu1: [2]INSUMOS!#REF!
Name ___________________________apu1: [2]INSUMOS!#REF!
Name ___________________________apu1: [2]INSUMOS!#REF!
Name __________________________apu1: [2]INSUMOS!#REF!
Name __________________________apu1: [2]INSUMOS!#REF!
Name __________________________apu1: [2]INSUMOS!#REF!
Name _________________________apu1: [2]INSUMOS!#REF!
Name _________________________apu1: [2]INSUMOS!#REF!
Name _________________________apu1: [2]INSUMOS!#REF!
Name ________________________apu1: [2]INSUMOS!#REF!
Name ________________________apu1: [2]INSUMOS!#REF!
Name ________________________apu1: [2]INSUMOS!#REF!
Name _______________________apu1: [2]INSUMOS!#REF!
Name _______________________apu1: [2]INSUMOS!#REF!
Name _______________________apu1: [2]INSUMOS!#REF!
Name _____________________apu1: [2]INSUMOS!#REF!
Name _____________________apu1: [2]INSUMOS!#REF!
Name _____________________apu1: [2]INSUMOS!#REF!
Name ____________________apu1: [2]INSUMOS!#REF!
Name ____________________apu1: [2]INSUMOS!#REF!
Name ____________________apu1: [2]INSUMOS!#REF!
Name ___________________apu1: [2]INSUMOS!#REF!
Name ___________________apu1: [2]INSUMOS!#REF!
Name ___________________apu1: [2]INSUMOS!#REF!

Sheet BASICO
A1: REPUBLICA DE COLOMBIA
A2: DEPARTAMENTO DEL PUTUMAYO
A3: MUNICIPIO DE SAN MIGUEL
A5: APU-BASICO
A7: =+Presupuesto!#REF! -> #REF!
A9: ACTIVIDAD:
B10: Concreto MR 21 Mpa | G10: Unidad: | H10: m3
A12: I | B12: EQUIPO
B13: DESCRIPCIÓN | D13: Tipo | E13: Tarifa/Día | F13: Rend | G13: V. Unitario.
B14: Herremienta menor | F14: 0.1 | G14: =H34*F14 -> 5130.9
E20: SUBTOTAL. | H20: =ROUND(SUM(G14:G19),0) -> 5131
A21: II | B21: MATERIALES EN OBRA.
B22: DESCRIPCIÓN | D22: Unidad | E22: Cant. | F22: Precio Unit. | G22: V. Unitario.
B23: Cemento gris | D23: kg | E23: 420 | F23: 650 | G23: =+F23*E23 -> 273000
B24: Arena | D24: m3 | E24: 0.67 | F24: 60000 | G24: =+F24*E24 -> 40200
B25: Triturado | D25: m3 | E25: 0.67 | F25: 70000 | G25: =--E25*F25 -> 46900
B26: Agua | D26: lt | E26: 210 | F26: 50 | G26: =--E26*F26 -> 10500
E28: SUBTOTAL | H28: =(SUM(G23:G26)) -> 370600
A29: III | B29: MANO DE OBRA.
A30: CAN | B30: DESCRIPCIÓN | C30: Jornal | D30: Prestac | E30: Jornal Total | F30: Rend. | G30: V. Unitario.
A31: 6 | B31: Ayudante | C31: 30000 | D31: 0.75 | E31: =+(A31*C31)+(A31*C31*D31) -> 315000 | F31: 7.5035876 | G31: =(E31)/(F31) -> 41979.919
A32: 1 | B32: Oficial | C32: 40000 | D32: 0.75 | E32: =(A32*C32)+(D32*C32*A32) -> 70000 | F32: =--F31 -> 7.5035876 | G32: =E32/F32 -> 9328.871
E34: SUBTOTAL | H34: =ROUND(SUM(G31)+(G32),0) -> 51309
A35: IV | B35: TRANSPORTE
B36: DESCRIPCIÓN | C36: Unidad | D36: Cantidad | E36: Prec.Unitario | G36: Vr. Unitario
E40: SUBTOTAL | H40: =ROUND(SUM(G37)+(G38),0) -> 0
D42: TOTAL COSTOS DIRECTOS. | H42: =SUM(H20:H41) -> 427040
A44: V | B44: COSTOS INDIRECTOS.
B45: DESCRIPCIÓN | C45: % | D45: COSTO DIRECTO | F45: V. UNITARIO
B46: ADMINISTRACIÓN | C46: 0.23 | G46: =+H42*C46 -> 98219.2
B47: IMPREVISTOS | C47: 0.04 | G47: =+H42*C47 -> 17081.6
B48: UTILIDAD | C48: 0.03 | G48: =+H42*C48 -> 12811.2
D49: TOTAL COSTOS INDIRECTOS | H49: =SUM(G45:G48) -> 128112
D51: TOTAL PRECIO UNITARIO. | H51: =H42+H49 -> 555152
A56: =+Presupuesto!A67 -> 0 | D56: =+Presupuesto!D65 -> ARQ. GUILLERMO YAMID VALLEJOS BENAVIDES
A57: =+Presupuesto!A68 -> 0 | D57: =+Presupuesto!D66 -> SECRETARIO DE PLANEACION Y OBRAS PUBLICAS
A58: =APU!#REF! -> #REF! | D58: =+Presupuesto!D67 -> SAN MIGUEL - PUTUMAYO

Sheet Presupuesto
C1: SECRETARIA DE PLANEACIÓN Y OBRAS PÚBLICAS | D1: CODIGO | F1: 103
D2: SERIE Y SUBSERIE | F2: 51
C3: NIT. 800252922-2
C4: Modelo Integrado de Planeación y Gestión | D4: VERSIÓN | F4: 1
C5: PRESUPUESTO | D5: FECHA DEL FORMATO | F5: D/M/A
F6: 44216
A8: ADECUACION Y MEJORAMIENTO DE AULAS ESCOLARES UBICADA EN LA INSTITUCION EDUCATIVA TECNICO COMERCIAL LA DORADA SEDE ESCUELA CENTRAL DEL MUNICIPIO DE SAN MIGUEL PUTUMAYO
A11: PRESUPUESTO GENERAL
A13: ITEM | B13: DESCRIPCION | D13: UNIDAD | E13: CANTIDAD | F13: VR/UNITARIO | G13: VR/TOTAL
A14: 1 | B14: PRELIMINARES
A15: 1.1 | B15: REPLANTEO Y LOCALIZACIÓN | D15: M2 | E15: ='MEMORIA DE CANTIDADES DE OBRA '!J23 -> 67.54 | F15: =APU!H42 -> 3483.34 | G15: =ROUND(E15*F15,2) -> 235264.78
A16: 1.2 | B16: CERRAMIENTO PERIMETRAL CON LONA VERDE | D16: ML | E16: =+'MEMORIA DE CANTIDADES DE OBRA '!J32 -> 12 | F16: =+APU!H99 -> 9437.95 | G16: =ROUND(E16*F16,2) -> 113255.4
A17: 1.3 | B17: DEMOLICION DE PLACA EN CONCRETO REFORZADO ENTREPISO AULA 2 | D17: M2 | E17: ='MEMORIA DE CANTIDADES DE OBRA '!J41 -> 26.46 | F17: =APU!H157 -> 102816.66 | G17: =ROUND(E17*F17,2) -> 2720528.8
A18: 1.4 | B18: DESMONTE DE CUBIERTA EXISTENTE | D18: M2 | E18: ='MEMORIA DE CANTIDADES DE OBRA '!J51 -> 88.24 | F18: =APU!H212 -> 20410 | G18: =ROUND(E18*F18,2) -> 1800978.4
A19: 1.5 | B19: DEMOLICION MANUAL LOSA EN CONCRETO DE AULA 1 | D19: M2 | E19: ='MEMORIA DE CANTIDADES DE OBRA '!J62 -> 6.6 | F19: =APU!H271 -> 20300 | G19: =ROUND(E19*F19,2) -> 133980
A20: 1.6 | B20: DEMOLICION MANUAL MURO AULA 2 (EJE B) | D20: M2 | E20: =+'MEMORIA DE CANTIDADES DE OBRA '!J71 -> 10.4 | F20: =+APU!H328 -> 33805.56 | G20: =ROUND(E20*F20,2) -> 351577.82
A21: 1.7 | B21: RETIRO Y DISPOSICION DE MATERIAL SOBRANTE | D21: M3 | E21: ='MEMORIA DE CANTIDADES DE OBRA '!J81 -> 31.08 | F21: =APU!H386 -> 39630 | G21: =ROUND(E21*F21,2) -> 1231700.4
B22: subtotal | G22: =ROUND((SUM(G15:G21)),2) -> 6587285.6 | H22: 0.32 | I22: =ROUND(G22*H22,2) -> 2107931.4 | J22: =++I22+G22 -> 8695217
A23: 2 | B23: CIMENTACION, CONCRETOS Y MAMPOSTERIA
A24: 2.1 | B24: EXCAVACION MANUAL EN MATERIAL COMUN | D24: M3 | E24: ='MEMORIA DE CANTIDADES DE OBRA '!J93 -> 0.78 | F24: =APU!H446 -> 45718.75 | G24: =ROUND(E24*F24,2) -> 35660.63
A25: 2.2 | B25: RELLENO Y COMPACTACION MATERIAL SELECCIONADO | D25: M3 | E25: ='MEMORIA DE CANTIDADES DE OBRA '!J102 -> 0.77 | F25: =APU!H503 -> 100319.45 | G25: =ROUND(E25*F25,2) -> 77245.98
A26: 2.3 | B26: SOLADO LIMPIEZA E=0.05 R-14MPA | D26: M2 | E26: ='MEMORIA DE CANTIDADES DE OBRA '!J111 -> 1.12 | F26: =APU!H558 -> 43919.75 | G26: =ROUND(E26*F26,2) -> 49190.12
A27: 2.4 | B27: CONCRETO PARA ZAPATAS R-21MPA | D27: M3 | E27: ='MEMORIA DE CANTIDADES DE OBRA '!J121 -> 0.28 | F27: =APU!H613 -> 1353271 | G27: =ROUND(E27*F27,2) -> 378915.88
A28: 2.5 | B28: CONCRETO VIGA AEREA | D28: M3 | E28: ='MEMORIA DE CANTIDADES DE OBRA '!J131 -> 0.39 | F28: =APU!H668 -> 1353271 | G28: =ROUND(E28*F28,2) -> 527775.69
A29: 2.6 | B29: ACERO DE REFUERZO FY=420MPA, INCLUYE FIGURADO, AMARRE E INSTALACIÓN | D29: KG | E29: ='MEMORIA DE CANTIDADES DE OBRA '!J146 -> 159.11 | F29: =APU!H723 -> 14156.5 | G29: =ROUND(E29*F29,2) -> 2252440.7
A30: 2.7 | B30: CONCRETO COLUMNAS. 21MPA (3000 PSI) | D30: M3 | E30: ='MEMORIA DE CANTIDADES DE OBRA '!J155 -> 0.22 | F30: =APU!H782 -> 1686591.8 | G30: =ROUND(E30*F30,2) -> 371050.2
A31: 2.8 | B31: MURO EN LADRILLO FAROL NUMERO 4 VISTO | D31: M2 | E31: ='MEMORIA DE CANTIDADES DE OBRA '!J165 -> 11.44 | F31: =APU!H840 -> 103718.62 | G31: =ROUND(E31*F31,2) -> 1186541
B32: subtotal | G32: =ROUND((SUM(G24:G31)),2) -> 4878820.2 | H32: 0.32 | I32: =ROUND(G32*H32,2) -> 1561222.5 | J32: =++I32+G32 -> 6440042.7
A33: 3 | B33: MEJORAMIENTOS DE PISOS
A34: 3.1 | B34: CONTRAPISO DE CONCRETO LIVIANO DE RESISTENCIA A COMPRESIÓN 2,5 MPA ESP 6 CM | D34: M2 | E34: ='MEMORIA DE CANTIDADES DE OBRA '!J196 -> 5.88 | F34: =APU!H898 -> 41458.48 | G34: =ROUND(E34*F34,2) -> 243775.86
A35: 3.2 | B35: SUMINISTRO E INSTALACIÓN DE CERAMICA PISO GENERAL (INCLUYE ALISTADO) | D35: M2 | E35: ='MEMORIA DE CANTIDADES DE OBRA '!J206 -> 32.34 | F35: =APU!H954 -> 118250 | G35: =ROUND(E35*F35,2) -> 3824205
A36: 3.3 | B36: GUARDAESCOBA EN CERAMICA | D36: ML | E36: ='MEMORIA DE CANTIDADES DE OBRA '!J216 -> 26.6 | F36: =APU!H1009 -> 16275 | G36: =ROUND(E36*F36,2) -> 432915
B37: subtotal | G37: =ROUND((SUM(G34:G36)),2) -> 4500895.9 | H37: 0.32 | I37: =ROUND(G37*H37,2) -> 1440286.7 | J37: =++I37+G37 -> 5941182.5
A38: 4 | B38: CUBIERTA
A39: 4.1 | B39: ESTRUCTURA METALICA PARA CUBIERTA EN PERFIL C Gr50 100 x 50 x 2.0mm x 6m (Incluye soldadura) | D39: KG | E39: ='MEMORIA DE CANTIDADES DE OBRA '!J228 -> 43.6 | F39: =APU!H1070 -> 26940 | G39: =ROUND(E39*F39,2) -> 1174584
A40: 4.2 | B40: SUMINISTRO E INSTALACION DE TEJA DURATECHO | D40: M2 | E40: ='MEMORIA DE CANTIDADES DE OBRA '!J238 -> 65.68 | F40: =APU!H1126 -> 60810.56 | G40: =ROUND(E40*F40,2) -> 3994037.6
A41: 4.3 | B41: SUMINISTRO E INSTALACION DE CABALLETE | D41: UND | E41: =+'MEMORIA DE CANTIDADES DE OBRA '!J248 -> 9 | F41: =+APU!H1184 -> 56668.89 | G41: =ROUND(E41*F41,2) -> 510020.01
B42: subtotal | G42: =ROUND((SUM(G39:G41)),2) -> 5678641.6 | H42: 0.32 | I42: =ROUND(G42*H42,2) -> 1817165.3 | J42: =++I42+G42 -> 7495806.9
A43: 5 | B43: ACABADOS
A44: 5.1 | B44: SUMINISTRO Y APLICACIÓN ESTUCO PLASTICO ACRILICO SOBRE MUROS | D44: M2 | E44: ='MEMORIA DE CANTIDADES DE OBRA '!J260 -> 147.63 | F44: =APU!H1241 -> 54143.75 | G44: =ROUND(E44*F44,2) -> 7993241.8
A45: 5.2 | B45: SUMINISTRO Y APLICACIÓN PINTURA CORAZA PARA EXTERIORES 3 MANOS | D45: M2 | E45: ='MEMORIA DE CANTIDADES DE OBRA '!J271 -> 147.63 | F45: =APU!H1299 -> 14651.32 | G45: =ROUND(E45*F45,2) -> 2162974.4
A46: 5.3 | B46: VENTANA TIPO REJA EN MARCO GALVANIZADO BARRA CUADRADA MEDIDAS 3,43X1,5 m | D46: UND | E46: ='MEMORIA DE CANTIDADES DE OBRA '!J281 -> 1 | F46: =+APU!H1356 -> 1341437.5 | G46: =ROUND(E46*F46,2) -> 1341437.5
A47: 5.4 | B47: VENTANA TIPO REJA EN MARCO GALVANIZADO BARRA CUADRADA MEDIDAS 1,40X1,50 m | D47: UND | E47: ='MEMORIA DE CANTIDADES DE OBRA '!J291 -> 1 | F47: =+APU!H1414 -> 691437.5 | G47: =ROUND(E47*F47,2) -> 691437.5
A48: 5.5 | B48: VENTANA TIPO REJA EN MARCO GALVANIZADO BARRA CUADRADA MEDIDAS 1,98X1,45 M | D48: UND | E48: ='MEMORIA DE CANTIDADES DE OBRA '!J301 -> 1 | F48: =APU!H1472 -> 1041437.5 | G48: =ROUND(E48*F48,2) -> 1041437.5
A49: 5.6 | B49: SUMINISTRO E INSTALACION DE PUERTA METALICA MEDIDAS 1,20X2,3M | D49: UND | E49: =+'MEMORIA DE CANTIDADES DE OBRA '!J311 -> 1 | F49: =+APU!H1529 -> 1041437.5 | G49: =ROUND(E49*F49,2) -> 1041437.5
B50: subtotal | G50: =ROUND((SUM(G44:G49)),2) -> 14271966 | H50: 0.32 | I50: =ROUND(G50*H50,2) -> 4567029.2 | J50: =++I50+G50 -> 18838995
A51: 6 | B51: INSTALACIONES ELECTRICAS
A52: 6.1 | B52: SUMINISTRO E INSTALACION DE SALIDA PARA INTERRUPTOR, INCLUYE CAJA DE IA RECTANGULAR, INTERRUPTOR Y DEMAS ACCESORIOS | D52: UND | E52: =+'MEMORIA DE CANTIDADES DE OBRA '!D318 -> 2 | F52: =+APU!H1587 -> 35383.33 | G52: =ROUND(E52*F52,2) -> 70766.66
A53: 6.2 | B53: SUMINISTRO E INSTALACION DE SALIDA PARA TOMACORRIENTE DE USO GENERAL, INCLUYE CAJA PLASTICA, TOMA CORRIENTE Y DEMAS ACCESORIOS | D53: UND | E53: =+'MEMORIA DE CANTIDADES DE OBRA '!D328 -> 2 | F53: =+APU!H1645 -> 149118.75 | G53: =ROUND(E53*F53,2) -> 298237.5
A54: 6.3 | B54: SUMINISTRO E INSTALACION DE SALIDA DE LAMPARA LED DE 24W INLUYE CAJA DE ALUMINIO OCTAGONAL Y DEMAS ACCEORIOS | D54: UND | E54: =+'MEMORIA DE CANTIDADES DE OBRA '!D338 -> 3 | F54: =+APU!H1707 -> 281980 | G54: =ROUND(E54*F54,2) -> 845940
B55: subtotal | G55: =ROUND((SUM(G52:G54)),2) -> 1214944.2 | H55: 0.32 | I55: =ROUND(G55*H55,2) -> 388782.13 | J55: =++I55+G55 -> 1603726.3
A56: TOTAL COSTO DIRECTO OBRA | G56: =G22+G32+G37+G42+G50+G55 -> 37132554
A57: ADMINISTRACION | F57: 0.28 | G57: =ROUND((G56*F57),2) -> 10397115 | J57: =SUM(J16:J55) -> 49014971
A58: IMPREVISTOS | F58: 0.01 | G58: =ROUND((G56*F58),2) -> 371325.54
A59: UTILIDAD | F59: 0.03 | G59: =ROUND((G56*F59),2) -> 1113976.6
A60: TOTAL A.I.U | G60: =SUM(G57:G59) -> 11882417
A61: COSTO TOTAL OBRA | G61: =G56+G60 -> 49014971 | H61: dife | I61: =I58-G61 -> -49014971
D65: ARQ. GUILLERMO YAMID VALLEJOS BENAVIDES
D66: SECRETARIO DE PLANEACION Y OBRAS PUBLICAS
D67: SAN MIGUEL - PUTUMAYO

Sheet MEMORIA DE CANTIDADES DE OBRA 
C1: SECRETARIA DE PLANEACIÓN Y OBRAS PÚBLICAS | D1: CODIGO | F1: 103
D2: SERIE Y SUBSERIE | F2: 51
C3: NIT. 800252922-2
C4: Modelo Integrado de Planeación y Gestión | D4: VERSIÓN | F4: 1
C5: PRESUPUESTO | D5: FECHA DEL FORMATO | F5: D/M/A
F6: 44216
B8: =Presupuesto!A8 -> ADECUACION Y MEJORAMIENTO DE AULAS ESCOLARES UBICADA EN LA INSTITUCION EDUCATIVA TECNICO COMERCIAL LA DORADA SEDE ESCUELA CENTRAL DEL MUNICIPIO DE SAN MIGUEL PUTUMAYO
B11: MEMORIA DE CANTIDADES
B13: =Presupuesto!B14 -> PRELIMINARES
B14: ITEM: 1.1
B15: =Presupuesto!B15 -> REPLANTEO Y LOCALIZACIÓN | J15: M2
B16: Observación | C16: Direccion | D16: Cant | E16: Largo | F16: Ancho | G16: Alto | H16: Área | I16: Volumen | J16: Total
C17: localizacion aula 1 | D17: 1 | E17: 8.8 | F17: 4 | H17: =D17*E17*F17 -> 35.2 | J17: =H17 -> 35.2
C18: localizacion aula 2 | D18: 1 | E18: 7.7 | F18: 4.2 | H18: =D18*E18*F18 -> 32.34 | J18: =H18 -> 32.34
J22: =+E22 -> 0
B23: total | J23: =ROUND((SUM(J17:J22)),2) -> 67.54
B25: ITEM: 1.2
B26: =+Presupuesto!B16 -> CERRAMIENTO PERIMETRAL CON LONA VERDE | J26: =+Presupuesto!D16 -> ML
B27: Observación | C27: Direccion | D27: Cant | E27: Largo | F27: Ancho | G27: Alto | H27: Área | I27: Volumen | J27: Total
C28: Cerramiento perimetral en obra | D28: 1 | E28: 12 | J28: =+E28 -> 12
J31: =+E31 -> 0
B32: total | J32: =ROUND((SUM(J28:J31)),2) -> 12
B34: ITEM: 1.3
B35: =Presupuesto!B17 -> DEMOLICION DE PLACA EN CONCRETO REFORZADO ENTREPISO AULA 2 | J35: =Presupuesto!D17 -> M2
B36: Observación | C36: Direccion | D36: Cant | E36: Largo | F36: Ancho | G36: Alto | H36: Área | I36: Volumen | J36: Total
C37: losa en concreto entrepiso (TERRAZA) | D37: 1 | E37: 6.3 | F37: 4.2 | I37: =D37*E37*F37 -> 26.46 | J37: =I37 -> 26.46
J40: =+E40 -> 0
B41: total | J41: =ROUND((SUM(J37:J40)),2) -> 26.46
B43: ITEM: 1,4
B44: =Presupuesto!B18 -> DESMONTE DE CUBIERTA EXISTENTE | J44: =Presupuesto!D18 -> M2
B45: Observación | C45: Direccion | D45: Cant | E45: Largo | F45: Ancho | G45: Alto | H45: Área | I45: Volumen | J45: Total
C46: cubierta aula 1 | D46: 1 | E46: 11.6 | F46: 5 | H46: =D46*E46*F46 -> 58 | I46: =H46 -> 58 | J46: =I46 -> 58
C47: cubierta aula 2 | D47: 1 | E47: 6.3 | F47: 4.8 | H47: =D47*E47*F47 -> 30.24 | I47: =H47 -> 30.24 | J47: =I47 -> 30.24 | M47: =8.8+0.15+1.8+0.15+0.7 -> 11.6
J48: =H48 -> 0
J49: =H49 -> 0
J50: =H50 -> 0
B51: total | J51: =ROUND((SUM(J46:J50)),2) -> 88.24 | M51: =0.15+1.8 -> 1.95
B53: ITEM: 1,5
B54: =Presupuesto!B19 -> DEMOLICION MANUAL LOSA EN CONCRETO DE AULA 1 | J54: =Presupuesto!D19 -> M2
B55: Observación | C55: Direccion | D55: Cant | E55: Largo | F55: Ancho | G55: Alto | H55: Área | I55: Volumen | J55: Total
J56: =H56 -> 0
C57: piso aula 2 | D57: 1 | E57: 4.2 | F57: 1.4 | H57: =D57*E57*F57 -> 5.88 | J57: =H57 -> 5.88
C58: piso aula 2 para construccion de zapatas | D58: 2 | E58: 0.6 | F58: 0.6 | H58: =D58*E58*F58 -> 0.72 | J58: =H58 -> 0.72
J60: =+D60 -> 0
B62: total | J62: =ROUND((SUM(J56:J61)),2) -> 6.6
B64: ITEM: 1,6 | J64: =+Presupuesto!D20 -> M2
B65: =+Presupuesto!B20 -> DEMOLICION MANUAL MURO AULA 2 (EJE B) | C65: Direccion | D65: Cant | E65: Largo | F65: Ancho | G65: Alto | H65: Área | I65: Volumen | J65: Total
B66: Observación | J66: =E66 -> 0
C67: Demolicion muro divisorio de aula 2 | E67: 4 | G67: 2.6 | I67: =+E67*G67 -> 10.4 | J67: =I67 -> 10.4
J68: =I68 -> 0
B71: total | J71: =ROUND((SUM(J66:J70)),2) -> 10.4
B74: ITEM: 1,7 | J74: =Presupuesto!D21 -> M3
B75: =Presupuesto!B21 -> RETIRO Y DISPOSICION DE MATERIAL SOBRANTE | C75: Direccion | D75: Cant | E75: Largo | F75: Ancho | G75: Alto | H75: Área | I75: Volumen | J75: Total
B76: Observación | J76: =E76 -> 0
C77: material demolicion de pisos y entrepiso | I77: =I37+(J62*0.7) -> 31.08 | J77: =I77 -> 31.08
J78: =I78 -> 0
B81: total | J81: =ROUND((SUM(J76:J80)),2) -> 31.08
B84: =Presupuesto!B23 -> CIMENTACION, CONCRETOS Y MAMPOSTERIA
B86: ITEM: 2,1 | J86: =Presupuesto!D24 -> M3
B87: =Presupuesto!B24 -> EXCAVACION MANUAL EN MATERIAL COMUN | C87: Direccion | D87: Cant | E87: Largo | F87: Ancho | G87: Alto | H87: Área | I87: Volumen | J87: Total
B88: Observación | J88: =E88 -> 0
C89: zapatas | D89: =+D58 -> 2 | E89: 0.7 | F89: 0.8 | G89: 0.7 | I89: =D89*E89*F89*G89 -> 0.784 | J89: =I89 -> 0.784
B93: total | J93: =ROUND((SUM(J88:J92)),2) -> 0.78
B95: ITEM: 2,2 | J95: =Presupuesto!D25 -> M3
B96: =Presupuesto!B25 -> RELLENO Y COMPACTACION MATERIAL SELECCIONADO | C96: Direccion | D96: Cant | E96: Largo | F96: Ancho | G96: Alto | H96: Área | I96: Volumen | J96: Total
B97: Observación | J97: =E97 -> 0
C98: zapata | D98: =+D89 -> 2 | E98: 0.7 | F98: 0.8 | G98: 0.7 | I98: =(D98*E98*F98*G98)-0.01575 -> 0.76825 | J98: =I98 -> 0.76825
B102: total | J102: =ROUND((SUM(J97:J101)),2) -> 0.77
B104: ITEM: 2,3 | J104: =Presupuesto!D26 -> M2
B105: =Presupuesto!B26 -> SOLADO LIMPIEZA E=0.05 R-14MPA | C105: Direccion | D105: Cant | E105: Largo | F105: Ancho | G105: Alto | H105: Área | I105: Volumen | J105: Total
B106: Observación | J106: =I106 -> 0
C107: zapata | D107: =+D89 -> 2 | E107: 0.7 | F107: 0.8 | J107: =D107*E107*F107 -> 1.12
J108: =H108 -> 0
J109: =H109 -> 0
B111: total | J111: =ROUND((SUM(J106:J110)),2) -> 1.12
B114: ITEM: 2,4 | J114: =Presupuesto!D27 -> M3
B115: =Presupuesto!B27 -> CONCRETO PARA ZAPATAS R-21MPA | C115: Direccion | D115: Cant | E115: Largo | F115: Ancho | G115: Alto | H115: Área | I115: Volumen | J115: Total
B116: Observación | J116: =E116 -> 0
C117: zapatas | D117: =+D107 -> 2 | E117: 0.7 | F117: 0.8 | G117: 0.25 | I117: =D117*E117*F117*G117 -> 0.28 | J117: =I117 -> 0.28
J118: =H118 -> 0
B121: total | J121: =ROUND((SUM(J116:J120)),2) -> 0.28
B123: ITEM: 2,5 | J123: =Presupuesto!D28 -> M3
B124: =Presupuesto!B28 -> CONCRETO VIGA AEREA | C124: Direccion | D124: Cant | E124: Largo | F124: Ancho | G124: Alto | H124: Área | I124: Volumen | J124: Total
B125: Observación | J125: =E125 -> 0
C126: viga aerea | D126: 1 | E126: 7.84 | F126: 0.2 | G126: 0.25 | I126: =D126*E126*F126*G126 -> 0.392 | J126: =I126 -> 0.392
J127: =H127 -> 0
J128: =H128 -> 0
B131: total | J131: =ROUND((SUM(J125:J130)),2) -> 0.39
B133: ITEM: 2,6 | J133: =Presupuesto!D29 -> KG
B134: =Presupuesto!B29 -> ACERO DE REFUERZO FY=420MPA, INCLUYE FIGURADO, AMARRE E INSTALACIÓN | C134: Direccion | D134: Cant | E134: Largo | F134: PESO KG/M | G134: Alto | H134: Área | I134: PESO | J134: Total
B135: Observación | C135: COLUMNA | J135: =I135 -> 0
C137: varilla 1/2 | D137: =4*D117 -> 8 | E137: =3.6+0.2 -> 3.8 | F137: 0.996 | I137: =D137*E137*F137 -> 30.2784 | J137: =I137 -> 30.2784
C138: varilla 3/8 | D138: =(E137/0.15)*2 -> 50.666667 | E138: 1 | F138: 0.557 | I138: =D138*E138*F138 -> 28.221333 | J138: =I138 -> 28.221333
C139: VIGUETA AEREA | J139: =I139 -> 0
C140: varilla 1/2 | D140: 4 | E140: =E126 -> 7.84 | F140: 0.996 | I140: =D140*E140*F140 -> 31.23456 | J140: =I140 -> 31.23456
C141: varilla 3/8 | D141: =(E140/0.15)*2 -> 104.53333 | E141: 1 | F141: 0.557 | I141: =D141*E141*F141 -> 58.225067 | J141: =I141 -> 58.225067
C142: ZAPATAS
C143: parrilla | D143: =7*2 -> 14 | E143: 0.8 | F143: 0.996 | I143: =D143*E143*F143 -> 11.1552 | J143: =I143 -> 11.1552
B146: total | J146: =ROUND((SUM(J135:J145)),2) -> 159.11
B148: ITEM: 2,7 | J148: =Presupuesto!D30 -> M3
...

Sheet APU
C1: SECRETARIA DE PLANEACIÓN Y OBRAS PÚBLICAS | D1: CODIGO | F1: 103
D2: SERIE Y SUBSERIE | F2: 51
C3: NIT. 800252922-2
C4: Modelo Integrado de Planeación y Gestión | D4: VERSIÓN | F4: 1
C5: PRESUPUESTO | D5: FECHA DEL FORMATO | F5: D/M/A
F6: 44216
A8: =Presupuesto!A8 -> ADECUACION Y MEJORAMIENTO DE AULAS ESCOLARES UBICADA EN LA INSTITUCION EDUCATIVA TECNICO COMERCIAL LA DORADA SEDE ESCUELA CENTRAL DEL MUNICIPIO DE SAN MIGUEL PUTUMAYO
A11: ANALISIS DE PRECIOS UNITARIOS
A13: =Presupuesto!A15 -> 1.1 | B13: =Presupuesto!B15 -> REPLANTEO Y LOCALIZACIÓN | G13: Unidad: | H13: ='MEMORIA DE CANTIDADES DE OBRA '!J15 -> M2
A15: I | B15: EQUIPO
B16: DESCRIPCIÓN | D16: Tipo | E16: Tarifa/Día | F16: Rend | G16: V. Unitario.
B17: Herremienta menor | F17: 0.1 | G17: =ROUND((H34*F17),2) -> 316.67
E20: SUBTOTAL. | H20: =SUM(G17:G19) -> 316.67
A21: II | B21: MATERIALES EN OBRA.
B22: DESCRIPCIÓN | D22: Unidad | E22: Cant. | F22: Precio Unit. | G22: V. Unitario.
G23: =ROUND((E23*F23),0) -> 0
G24: =ROUND((E24*F24),0) -> 0
G25: =ROUND((E25*F25),0) -> 0
E28: SUBTOTAL | H28: =(SUM(G23:G25)) -> 0
A29: III | B29: MANO DE OBRA.
A30: CAN | B30: DESCRIPCIÓN | C30: Jornal | D30: Prestac | E30: Jornal Total | F30: Rend | G30: V. Unitario.
A31: 1 | B31: OBREROS | C31: 70000 | D31: 0.75 | E31: =+(A31*C31)+(A31*C31*D31) -> 122500 | F31: 105 | G31: =ROUND((E31)/(F31),2) -> 1166.67
A32: 1 | B32: OFICIAL | C32: 120000 | D32: 0.75 | E32: =+(A32*C32)+(A32*C32*D32) -> 210000 | F32: 105 | G32: =ROUND((E32)/(F32),2) -> 2000
E34: SUBTOTAL | H34: =SUM(G31)+(G32) -> 3166.67
A35: IV | B35: TRANSPORTE
B36: DESCRIPCIÓN | C36: Unidad | D36: Cantidad | E36: Prec.Unitario | G36: Vr. Unitario
E40: SUBTOTAL | H40: =ROUND(SUM(G37)+(G38),0) -> 0
D42: TOTAL COSTOS DIRECTOS. | H42: =ROUND((SUM(H20:H41)),2) -> 3483.34
A44: V | B44: COSTOS INDIRECTOS.
B45: DESCRIPCIÓN | C45: % | D45: COSTO DIRECTO | F45: V. UNITARIO
B46: ADMINISTRACIÓN | C46: 0.28 | G46: =ROUND((H42*C46),2) -> 975.34
B47: IMPREVISTOS | C47: 0.01 | G47: =ROUND((H42*C47),2) -> 34.83
B48: UTILIDAD | C48: 0.03 | G48: =ROUND((H42*C48),2) -> 104.5
D49: TOTAL COSTOS INDIRECTOS | H49: =SUM(G45:G48) -> 1114.67
D51: TOTAL PRECIO UNITARIO. | H51: =H42+H49 -> 4598.01
A54: =++'MEMORIA DE CANTIDADES DE OBRA '!B349 -> ING JHON ALEXANDER ARIAS | E54: =Presupuesto!D65 -> ARQ. GUILLERMO YAMID VALLEJOS BENAVIDES
A55: =++'MEMORIA DE CANTIDADES DE OBRA '!B350 -> APOYO PROFESIONAL SPOPM | E55: =Presupuesto!D66 -> SECRETARIO DE PLANEACION Y OBRAS PUBLICAS
A56: =++'MEMORIA DE CANTIDADES DE OBRA '!B351 -> MP 111037-0703225 NRÑ | E56: =+E113 -> SAN MIGUEL - PUTUMAYO
C58: SECRETARIA DE PLANEACIÓN Y OBRAS PÚBLICAS | D58: CODIGO | F58: 103
D59: SERIE Y SUBSERIE | F59: 51
C60: NIT. 800252922-2
C61: Modelo Integrado de Planeación y Gestión | D61: VERSIÓN | F61: 1
C62: PRESUPUESTO | D62: FECHA DEL FORMATO | F62: D/M/A
F63: 44216
A65: =+Presupuesto!A8 -> ADECUACION Y MEJORAMIENTO DE AULAS ESCOLARES UBICADA EN LA INSTITUCION EDUCATIVA TECNICO COMERCIAL LA DORADA SEDE ESCUELA CENTRAL DEL MUNICIPIO DE SAN MIGUEL PUTUMAYO
A68: ANALISIS DE PRECIOS UNITARIOS
A70: =+Presupuesto!A16 -> 1.2 | B70: =+Presupuesto!B16 -> CERRAMIENTO PERIMETRAL CON LONA VERDE | G70: Unidad: | H70: =+Presupuesto!D16 -> ML
A72: I | B72: EQUIPO
B73: DESCRIPCIÓN | D73: Tipo | E73: Tarifa/Día | F73: Rend | G73: V. Unitario.
B74: Herremienta menor | F74: 0.1 | G74: =ROUND((H91*F74),2) -> 391.18
E77: SUBTOTAL. | H77: =SUM(G74:G76) -> 391.18
A78: II | B78: MATERIALES EN OBRA.
B79: DESCRIPCIÓN | D79: Unidad | E79: Cant. | F79: Precio Unit. | G79: V. Unitario.
B80: alambre negro | D80: kg | E80: 0.2 | F80: 10550 | G80: =ROUND((E80*F80),2) -> 2110
B81: Liston L=3 M | D81: und | E81: 0.25 | F81: 9500 | G81: =ROUND((E81*F81),2) -> 2375
B82: puntilla 2" | D82: lb | E82: 0.1 | F82: 6500 | G82: =ROUND((E82*F82),2) -> 650
B83: tela de cerramiento en polipropoleno verde m | D83: m | E83: 1 | F83: 2700 | G83: =ROUND((E83*F83),2) -> 2700
E85: SUBTOTAL | H85: =(SUM(G80:G82)) -> 5135
A86: III | B86: MANO DE OBRA.
A87: CAN | B87: DESCRIPCIÓN | C87: Jornal | D87: Prestac | E87: Jornal Total | F87: Rend | G87: V. Unitario.
A88: 1 | B88: OBREROS | C88: 70000 | D88: 0.75 | E88: =+(A88*C88)+(A88*C88*D88) -> 122500 | F88: 85 | G88: =ROUND((E88)/(F88),2) -> 1441.18
A89: 1 | B89: OFICIAL | C89: 120000 | D89: 0.75 | E89: =+(A89*C89)+(A89*C89*D89) -> 210000 | F89: 85 | G89: =ROUND((E89)/(F89),2) -> 2470.59
E91: SUBTOTAL | H91: =SUM(G88)+(G89) -> 3911.77
A92: IV | B92: TRANSPORTE
B93: DESCRIPCIÓN | C93: Unidad | D93: Cantidad | E93: Prec.Unitario | G93: Vr. Unitario
E97: SUBTOTAL | H97: =ROUND(SUM(G94)+(G95),0) -> 0
D99: TOTAL COSTOS DIRECTOS. | H99: =ROUND((SUM(H77:H98)),2) -> 9437.95
A101: V | B101: COSTOS INDIRECTOS.
B102: DESCRIPCIÓN | C102: % | D102: COSTO DIRECTO | F102: V. UNITARIO
B103: ADMINISTRACIÓN | C103: 0.28 | G103: =ROUND((H99*C103),2) -> 2642.63
B104: IMPREVISTOS | C104: 0.01 | G104: =ROUND((H99*C104),2) -> 94.38
B105: UTILIDAD | C105: 0.03 | G105: =ROUND((H99*C105),2) -> 283.14
D106: TOTAL COSTOS INDIRECTOS | H106: =SUM(G102:G105) -> 3020.15
D108: TOTAL PRECIO UNITARIO. | H108: =H99+H106 -> 12458.1
A111: =+A54 -> ING JHON ALEXANDER ARIAS | E111: =+E54 -> ARQ. GUILLERMO YAMID VALLEJOS BENAVIDES
A112: =+A55 -> APOYO PROFESIONAL SPOPM | E112: =+E55 -> SECRETARIO DE PLANEACION Y OBRAS PUBLICAS
A113: =+A56 -> MP 111037-0703225 NRÑ | E113: =+E171 -> SAN MIGUEL - PUTUMAYO
C116: SECRETARIA DE PLANEACIÓN Y OBRAS PÚBLICAS | D116: CODIGO | F116: 103
D117: SERIE Y SUBSERIE | F117: 51
C118: NIT. 800252922-2
C119: Modelo Integrado de Planeación y Gestión | D119: VERSIÓN | F119: 1
C120: PRESUPUESTO | D120: FECHA DEL FORMATO | F120: D/M/A
F121: 44216
A123: =Presupuesto!A8 -> ADECUACION Y MEJORAMIENTO DE AULAS ESCOLARES UBICADA EN LA INSTITUCION EDUCATIVA TECNICO COMERCIAL LA DORADA SEDE ESCUELA CENTRAL DEL MUNICIPIO DE SAN MIGUEL PUTUMAYO
A126: ANALISIS DE PRECIOS UNITARIOS
A128: =Presupuesto!A17 -> 1.3 | B128: =Presupuesto!B17 -> DEMOLICION DE PLACA EN CONCRETO REFORZADO ENTREPISO AULA 2 | G128: Unidad: | H128: =Presupuesto!D17 -> M2
A130: I | B130: EQUIPO
B131: DESCRIPCIÓN | D131: Tipo | E131: Tarifa/Día | F131: Rend | G131: V. Unitario.
B132: Herremienta menor | F132: 0.1 | G132: =ROUND((H149*F132),2) -> 7583.33
B133: Martillo percutor (demoledor manual) | D133: Hr | E133: 10000 | F133: 0.97 | G133: =E133*F133 -> 9700
B134: Planta electricaYAMAHA EF2600D 110-220 | D134: Hr | E134: 10000 | F134: 0.97 | G134: =E134*F134 -> 9700
E135: SUBTOTAL. | H135: =SUM(G132:G134) -> 26983.33
A136: II | B136: MATERIALES EN OBRA.
B137: DESCRIPCIÓN | D137: Unidad | E137: Cant. | F137: Precio Unit. | G137: V. Unitario.
G138: =ROUND((E138*F138),2) -> 0
G139: =ROUND((E139*F139),2) -> 0
G140: =ROUND((E140*F140),2) -> 0
G141: =ROUND((E141*F141),2) -> 0
G142: =ROUND((E142*F142),2) -> 0
E143: SUBTOTAL | H143: =(SUM(G138:G142)) -> 0
...

Sheet CRONOGRAMA
A2: CRONOGRAMA DE ACTIVIDADES | G2: SEMANA 1 | H2: SEMANA 2
A3: REHABILITACIÓN DEL SISTEMA DE ALCANTARILLADO SANITARIO Y PLUVIAL - CALLE 5, CARRERA 3, CALLE 4, CALLE 3, CARRERA 2, CARRERA 5 , CARRERA 1ª CARRERA 6- EN EL CORREGIMIENTO DE PUERTO COLÓN MUNICIPIO DE SAN MIGUEL DEPARTAMENTO DEL PUTUMAYO
A5: ITEM | B5: DESCRIPCION | C5: UNIDAD | D5: CANTIDAD | E5: VR/UNITARIO | F5: VR/TOTAL
A6: 1 | B6: PRELIMINARES
A7: 1.1 | B7: Localizacion y replanteo | C7: m2 | D7: =+Presupuesto!#REF! -> #REF! | E7: =+Presupuesto!#REF! -> #REF! | F7: =ROUND((D7*E7),0) -> #REF! | G7: =+F7 -> #REF!
B8: SUBTOTAL | F8: =+F7 -> #REF!
A9: 2 | B9: ESTRUCTURA SANITARIA Y DE PAVIMENTO | J9: 2.55
A10: 2.1 | B10: Excavacion manual | C10: m3 | D10: =+Presupuesto!#REF! -> #REF! | E10: =+Presupuesto!#REF! -> #REF! | F10: =ROUND((D10*E10),0) -> #REF! | G10: =+F10 -> #REF! | J10: 5
A11: 2.2 | B11: Retiro tuberia existente en mal estado | C11: ml | D11: =+Presupuesto!#REF! -> #REF! | E11: =+Presupuesto!#REF! -> #REF! | F11: =ROUND((D11*E11),0) -> #REF! | G11: =+F11 -> #REF! | J11: 2.4
A12: 2.3 | B12: Retiro de material de excavacion y demolicion | C12: m3 | D12: =+Presupuesto!#REF! -> #REF! | E12: =+Presupuesto!#REF! -> #REF! | F12: =ROUND((D12*E12),0) -> #REF! | G12: =+F12 -> #REF! | J12: 1.8
A13: 2.4 | B13: Relleno con material grudo de rio | C13: m3 | D13: =+Presupuesto!#REF! -> #REF! | E13: =+Presupuesto!#REF! -> #REF! | F13: =ROUND((D13*E13),0) -> #REF! | G13: =+F13 -> #REF! | J13: 3.4
A14: 2.5 | B14: Instalacion de tuberia 8" (incluye encamado en arena) | C14: ml | D14: =+Presupuesto!#REF! -> #REF! | E14: =+Presupuesto!#REF! -> #REF! | F14: =ROUND((D14*E14),0) -> #REF! | G14: =+F14 -> #REF! | J14: 2
A15: 2.6 | B15: Kit silla Yee 6" a 8" | C15: und | D15: =+Presupuesto!#REF! -> #REF! | E15: =+Presupuesto!#REF! -> #REF! | F15: =ROUND((D15*E15),0) -> #REF! | G15: =+F15 -> #REF! | J15: 6.6
A16: 2.7 | B16: Relleno con material de excavación seleccionado, compactado | C16: m3 | D16: =+Presupuesto!#REF! -> #REF! | E16: =+Presupuesto!#REF! -> #REF! | F16: =ROUND((D16*E16),0) -> #REF! | H16: =+F16 -> #REF! | J16: 1.2
A17: 2.8 | B17: Subbase compactada con material de selección | C17: m3 | D17: =+Presupuesto!#REF! -> #REF! | E17: =+Presupuesto!#REF! -> #REF! | F17: =ROUND((D17*E17),0) -> #REF! | H17: =+F17 -> #REF! | J17: 2.4
A18: 2.9 | B18: Placa en concreto rigido de 3.8 MPA, e=20 cm incluye juntas de expansion y sellado | C18: m2 | D18: =+Presupuesto!#REF! -> #REF! | E18: =+Presupuesto!#REF! -> #REF! | F18: =ROUND((D18*E18),0) -> #REF! | H18: =+F18 -> #REF! | J18: 6
A19: =+Presupuesto!#REF! -> #REF! | B19: Suministro y aplicación de curador tipo antisol para concreto rigido | C19: m2 | D19: =+Presupuesto!#REF! -> #REF! | E19: =+Presupuesto!#REF! -> #REF! | F19: =ROUND((D19*E19),0) -> #REF! | H19: =+F19 -> #REF!
B20: SUBTOTAL | F20: =+F10+F11+F12+F13+F14+F15+F16+F17+F18+F19 -> #REF!
A21: 3 | B21: ALCANTARILLADO PLUVIAL
A22: 3.1 | B22: Limpieza y sondeo de tuberia 8 y 10" | C22: ml | D22: =+Presupuesto!#REF! -> #REF! | E22: =+Presupuesto!#REF! -> #REF! | F22: =ROUND((D22*E22),0) -> #REF! | H22: =+F22 -> #REF!
A23: 3.2 | B23: Limpieza de camras de inspeción | C23: und | D23: =+'Memoria de Cantidades'!J48 -> 34 | E23: =+Presupuesto!#REF! -> #REF! | F23: =ROUND((D23*E23),0) -> #REF! | H23: =+F23 -> #REF!
A24: 3.3 | B24: Limpieza de sumideros y cajillas (inclulle tuberia sumideros a tubo principal) | C24: und | D24: =+'Memoria de Cantidades'!J50 -> 11 | E24: =+Presupuesto!#REF! -> #REF! | F24: =ROUND((D24*E24),0) -> #REF! | H24: =+F24 -> #REF!
B25: SUBTOTAL | F25: =+F22+F23+F24 -> #REF! | G25: =SUM(G7:G24) -> #REF! | H25: =SUM(H16:H24) -> #REF!
B26: TOTAL COSTO DIRECTO OBRA | F26: =+F8+F20+F25 -> #REF!
B29: =+'Memoria de Cantidades'!B52 -> ALABORÓ: | F29: =+'Memoria de Cantidades'!E52 -> Vo.Bo.
B34: =+'Memoria de Cantidades'!B56 -> 0 | F34: =+'Memoria de Cantidades'!E56 -> ARQ. GUILLERMO YAMID VALLEJOS BENAVIDES
B35: =+'Memoria de Cantidades'!B57 -> 0 | F35: =+'Memoria de Cantidades'!E57 -> SECRETARIO DE PLANEACION Y OBRAS PUBLICAS
B36: =+'Memoria de Cantidades'!B58 -> #REF! | F36: =+'Memoria de Cantidades'!E58 -> SAN MIGUEL - PUTUMAYO

Sheet Memoria de Cantidades
A1: REPUBLICA DE COLOMBIA
A2: DEPARTAMENTO DEL PUTUMAYO
A3: MUNICIPIO DE SAN MIGUEL
A5: MEMORIA DE CANTIDADES
A6: =+Presupuesto!#REF! -> #REF!
A7: ITEM | B7: Descripción | C7: Und | D7: L (m) | E7: A (m) | F7: H(m) | G7: Área(m2) | H7: Volumen(m3) | I7: Kg | J7: Unidad | K7: Cantidad
A8: 1 | B8: PRELIMINARES
A9: 1.1 | B9: Localización y replanteo | C9: m2 | K9: =+G10 -> 3.5
B10: Sector la Vega calle 3 entre crr 2 y 3 | D10: 7 | E10: 0.5 | G10: =--D10*E10 -> 3.5
A11: 1.2 | B11: Demolicion placa existente | C11: m2 | K11: =+G12 -> 1
B12: =B10 -> Sector la Vega calle 3 entre crr 2 y 3 | D12: 2.5 | E12: 0.4 | G12: =--E12*D12 -> 1
A13: 2 | B13: ESTRUCTURA SANITARIA Y DE PAVIMENTO
A14: 2.1 | B14: Excavacion manual | C14: m3 | K14: =SUM(H15:H15) -> 2.55
B15: =B12 -> Sector la Vega calle 3 entre crr 2 y 3 | D15: 3.4 | E15: 0.5 | F15: 1.5 | H15: =+D15*E15*F15 -> 2.55
A16: 2.2 | B16: Retiro tuberia existente en mal estado | C16: ml | K16: =--D17 -> 2.5
B17: =B15 -> Sector la Vega calle 3 entre crr 2 y 3 | D17: 2.5
A18: 2.3 | B18: Retiro de material de excavacion y demolicion | C18: m3 | K18: =--H19 -> 1.7
B19: =B17 -> Sector la Vega calle 3 entre crr 2 y 3 | D19: 2.5 | E19: 1.7 | F19: 0.4 | H19: =+D19*E19*F19 -> 1.7
A20: 2.4 | B20: Relleno con material crudo de rio | C20: m3 | K20: =--H21 -> 0.375
B21: =B19 -> Sector la Vega calle 3 entre crr 2 y 3 | D21: =+D19 -> 2.5 | E21: 0.5 | F21: 0.3 | H21: =+D21*E21*F21 -> 0.375
A22: 2.5 | B22: Instalacion de tuberia 6" (incluye encamado en arena) | C22: ml | K22: =D23 -> 3.4
B23: =B21 -> Sector la Vega calle 3 entre crr 2 y 3 | D23: 3.4
A24: 2.6 | B24: Kit silla tee 6" a 12" | C24: und | K24: =--J25 -> 1
B25: =B23 -> Sector la Vega calle 3 entre crr 2 y 3 | J25: 1
A26: 2.7 | B26: Relleno con material de sitio seleccionado, compactado | C26: m3 | K26: =SUM(H27:H27) -> 1.625
B27: =B25 -> Sector la Vega calle 3 entre crr 2 y 3 | D27: 2.5 | E27: 0.5 | F27: 1.3 | H27: =+D27*E27*F27 -> 1.625
A28: 2.8 | B28: Subbase compactada con material de selección | C28: m3 | K28: =SUM(H29:H29) -> 0.5
B29: =B27 -> Sector la Vega calle 3 entre crr 2 y 3 | D29: 2.5 | E29: 1 | F29: 0.2 | H29: =--D29*E29*F29 -> 0.5
A30: 2.9 | B30: Placa en concreto rigido de 21 MPA, e=20 cm incluye juntas de expansion y sellado | C30: m2 | K30: =--G31 -> 0.88
B31: =B29 -> Sector la Vega calle 3 entre crr 2 y 3 | D31: 2.2 | E31: 0.4 | G31: =--D31*E31 -> 0.88
A32: 2.1 | B32: Suministro y aplicación de curador tipo antisol para concreto rigido | C32: m2 | K32: =--G33 -> 3
B33: =B31 -> Sector la Vega calle 3 entre crr 2 y 3 | D33: 3 | E33: 1 | G33: =--D33*E33 -> 3
A34: 3 | B34: ALCANTARILLADO SANITARIO Y PLUVIAL
A35: 4.1 | B35: =+Presupuesto!#REF! -> #REF! | C35: ml | K35: =SUM(K36:K46) -> 2328
B36: Carrera 3 sector de la entrada hasta estación de policia. | D36: =39.92+79.82+74.24+103.26+60.09+66.59+18.82+27 -> 469.74 | K36: =+D36 -> 469.74
B37: Calle 5 entre crr 5 a crr 3. | D37: =34.26+85.26+80.22+90.32+14.17 -> 304.23 | K37: =+D37 -> 304.23
B38: Carrera 3 entre calles 5 y 3. | D38: =21.71+11.22+12.57+47.95+38.64+14.74 -> 146.83 | K38: =+D38 -> 146.83
B39: Calle 3 entre crr 2 y crr 3 | D39: =42.91+56.52+56.63 -> 156.06 | K39: =+D39 -> 156.06
B40: Carrera 2 al descole del aserradero | D40: 180 | K40: =+D40 -> 180
B41: carrera 2 | D41: =40.24+23.31+79.03 -> 142.58 | K41: =+D41 -> 142.58
B42: Calle 4 | D42: =17.24+56.92+86.34+144+203 -> 507.5 | K42: =+D42 -> 507.5
B43: Calle 3 entre crr 2 y crr 3 | D43: =3*5 -> 15 | K43: =+D43 -> 15
B44: Calle 3 entre crr 2 y crr 3 pluvial | D44: =42.91+56.52+56.63 -> 156.06 | K44: =+D44 -> 156.06
B45: Carrera 2 al descole del aserradero pluvial | D45: 180 | K45: =+D45 -> 180
B46: Carrera 2, 3 - calle 3 y 4 tuberia sumideros | D46: =(10*1)+(10*6) -> 70 | K46: =+D46 -> 70
A47: 4.2 | B47: =+Presupuesto!#REF! -> #REF! | C47: Und | K47: =+K48 -> 34
B48: Carreras 2,3 Y 4, Calles 3, 4 Y 5 | J48: 34 | K48: =+J48 -> 34
A49: 4.3 | B49: =+Presupuesto!#REF! -> #REF! | C49: Und | K49: =+K50 -> 11
B50: Carrera 3 - calle 3 y calle 4 sumideros | J50: 11 | K50: =+J50 -> 11
B52: ALABORÓ: | E52: Vo.Bo.
B56: =+Presupuesto!A67 -> 0 | E56: =+Presupuesto!D65 -> ARQ. GUILLERMO YAMID VALLEJOS BENAVIDES
B57: =+Presupuesto!A68 -> 0 | E57: =+Presupuesto!D66 -> SECRETARIO DE PLANEACION Y OBRAS PUBLICAS
B58: =+Presupuesto!#REF! -> #REF! | E58: =+Presupuesto!D67 -> SAN MIGUEL - PUTUMAYO

Sheet F.M 
D1: SECRETARIA DE PLANEACIÓN Y OBRAS PÚBLICAS | E1: CODIGO | F1: 103
E2: SERIE Y SUBSERIE | F2: 51
D3: NIT. 800252922-2
D4: Modelo Integrado de Planeación y Gestión | E4: VERSIÓN | F4: 1
D5: PRESUPUESTO | E5: FECHA DEL FORMATO | F5: D/M/A
F6: 44216
B8: =Presupuesto!A8 -> ADECUACION Y MEJORAMIENTO DE AULAS ESCOLARES UBICADA EN LA INSTITUCION EDUCATIVA TECNICO COMERCIAL LA DORADA SEDE ESCUELA CENTRAL DEL MUNICIPIO DE SAN MIGUEL PUTUMAYO
B11: FACTOR PRESTACIONAL PARA PERSONAL PROFESIONAL, ADMINISTRATIVO Y TECNICO | G11: %
B12: A. | D12: VALOR BASE (Sueldo) | G12: 100
B13: B. | D13: PRESTACIONES SOCIALES | G13: =SUM(G14:G29) -> 75.432
C14: a. | D14: Cesantías | F14: (A/12) | G14: 8.33
C15: b. | D15: Intereses sobre cesantía | F15: (a*12%) | G15: 1
C16: c. | D16: Prima anual | F16: (A/12) | G16: 8.33
C17: d. | D17: Caja de Compensación | F17: % A | G17: 4
C18: e. | D18: SENA | F18: % A | G18: 2
C19: f. | D19: ICBF | F19: % A | G19: 3
C20: g. | D20: Sistema de seguridad social : Salud | F20: % A | G20: 8.5
C21: h. | D21: Sistema de seguridad social : Pensiòn | F21: % A | G21: 12
C22: i. | D22: ARP personal en obra | F22: % A | G22: 6.96
C23: j. | D23: ARP personal en oficina | F23: % A | G23: 0.522
C24: k. | D24: Vacaciones | F24: (15/360*100) | G24: 4.17
C25: l. | D25: Ausencias justificadas | F25: (3/360*100) | G25: 0.83
... C29: p | D29: Bonoficación rereación | F29: % A | G29: 2
B30: C. | D30: SUMA (A + B) | G30: =G12+G13 -> 175.432
B32: E. | D32: FACTOR PRESTACIONAL | G32: =G30 -> 175.432
D33: FACTOR PRESTACIONAL FINAL | G33: =ROUND(G32/100,2) -> 1.75
B37: =+Presupuesto!D65 -> ARQ. GUILLERMO YAMID VALLEJOS BENAVIDES
B38: =+Presupuesto!D66 -> SECRETARIO DE PLANEACION Y OBRAS PUBLICAS
B39: =+Presupuesto!D67 -> SAN MIGUEL - PUTUMAYO

Sheet CRONOGRAMA--
C1: SECRETARIA DE PLANEACIÓN Y OBRAS PÚBLICAS | E1: CODIGO | G1: 103
E2: SERIE Y SUBSERIE | G2: 51
C3: NIT. 800252922-2
C4: Modelo Integrado de Planeación y Gestión | E4: VERSIÓN | G4: 1
C5: PRESUPUESTO | E5: FECHA DEL FORMATO | G5: D/M/A
G6: 44216
A8: =Presupuesto!A8 -> ADECUACION Y MEJORAMIENTO DE AULAS ESCOLARES UBICADA EN LA INSTITUCION EDUCATIVA TECNICO COMERCIAL LA DORADA SEDE ESCUELA CENTRAL DEL MUNICIPIO DE SAN MIGUEL PUTUMAYO
A11: CRONOGRAMA
I12: SEMANA 1 | J12: SEMANA 2 | K12: SEMANA 3 | L12: SEMANA 4
A13: ITEM | B13: DESCRIPCION | D13: UNIDAD | E13: CANTIDAD | F13: V/UNITARIO | G13: V/TOTAL | H13: %
A14: 1 | B14: =Presupuesto!B15 -> REPLANTEO Y LOCALIZACIÓN
A15: =Presupuesto!A15 -> 1.1 | B15: =Presupuesto!B15 -> REPLANTEO Y LOCALIZACIÓN | D15: =Presupuesto!D15 -> M2 | E15: =Presupuesto!E15 -> 67.54 | F15: =Presupuesto!F15 -> 3483.34 | G15: =ROUND(E15*F15,2) -> 235264.78 | H15: =G15/G60 -> 0.0047998556 | I15: =G15 -> 235264.78
A16: 1.2 | B16: CERRAMIENTO PERIMETRAL CON LONA VERDE | D16: =+Presupuesto!D16 -> ML | E16: =+'MEMORIA DE CANTIDADES DE OBRA '!J32 -> 12 | F16: =+APU!H99 -> 9437.95 | G16: =ROUND(E16*F16,2) -> 113255.4 | H16: =G16/G60 -> 0.0023106287 | I16: =+G16 -> 113255.4
A17: =Presupuesto!A17 -> 1.3 | B17: =Presupuesto!B17 -> DEMOLICION DE PLACA EN CONCRETO REFORZADO ENTREPISO AULA 2 | D17: =Presupuesto!D17 -> M2 | E17: =Presupuesto!E17 -> 26.46 | F17: =Presupuesto!F17 -> 102816.66 | G17: =ROUND(E17*F17,2) -> 2720528.8 | H17: =G17/G60 -> 0.055504038 | J17: =+G17 -> 2720528.8
A18: =Presupuesto!A18 -> 1.4 | B18: =Presupuesto!B18 -> DESMONTE DE CUBIERTA EXISTENTE | D18: =Presupuesto!D18 -> M2 | E18: =Presupuesto!E18 -> 88.24 | F18: =Presupuesto!F18 -> 20410 | G18: =ROUND(E18*F18,2) -> 1800978.4 | H18: =G18/G60 -> 0.036743435 | I18: =G18/2 -> 900489.2 | J18: =G18/2 -> 900489.2
A19: =Presupuesto!A19 -> 1.5 | B19: =Presupuesto!B19 -> DEMOLICION MANUAL LOSA EN CONCRETO DE AULA 1 | D19: =Presupuesto!D19 -> M2 | E19: =Presupuesto!E19 -> 6.6 | F19: =Presupuesto!F19 -> 20300 | G19: =ROUND(E19*F19,2) -> 133980 | H19: =G19/G60 -> 0.0027334506 | I19: =G19 -> 133980
A20: 1.5 | B20: DEMOLICION MANUAL MURO AULA 2 (EJE B) | D20: =Presupuesto!D20 -> M2 | E20: =Presupuesto!E20 -> 10.4 | F20: =Presupuesto!F20 -> 33805.56 | G20: =ROUND(E20*F20,2) -> 351577.82 | H20: =G20/G60 -> 0.007172866 | I20: =+G20 -> 351577.82
A21: =Presupuesto!A21 -> 1.7 | B21: =Presupuesto!B21 -> RETIRO Y DISPOSICION DE MATERIAL SOBRANTE | D21: =Presupuesto!D21 -> M3 | E21: =Presupuesto!E21 -> 31.08 | F21: =Presupuesto!F21 -> 39630 | G21: =ROUND(E21*F21,2) -> 1231700.4 | H21: =G21/G60 -> 0.025129065 | I21: =G21/2 -> 615850.2 | J21: =G21/2 -> 615850.2
B23: =Presupuesto!B23 -> CIMENTACION, CONCRETOS Y MAMPOSTERIA
A24: =Presupuesto!A24 -> 2.1 | B24: =Presupuesto!B24 -> EXCAVACION MANUAL EN MATERIAL COMUN | D24: =Presupuesto!D24 -> M3 | E24: =Presupuesto!E24 -> 0.78 | F24: =Presupuesto!F24 -> 45718.75 | G24: =ROUND(E24*F24,2) -> 35660.63 | H24: =G24/G60 -> 0.00072754567 | J24: =+G24 -> 35660.63
A25: =Presupuesto!A25 -> 2.2 | B25: =Presupuesto!B25 -> RELLENO Y COMPACTACION MATERIAL SELECCIONADO | D25: =Presupuesto!D25 -> M3 | E25: =Presupuesto!E25 -> 0.77 | F25: =Presupuesto!F25 -> 100319.45 | G25: =ROUND(E25*F25,2) -> 77245.98 | H25: =G25/G60 -> 0.0015759671 | J25: =+G25 -> 77245.98
A26: =Presupuesto!A26 -> 2.3 | B26: =Presupuesto!B26 -> SOLADO LIMPIEZA E=0.05 R-14MPA | D26: =Presupuesto!D26 -> M2 | E26: =Presupuesto!E26 -> 1.12 | F26: =Presupuesto!F26 -> 43919.75 | G26: =ROUND(E26*F26,2) -> 49190.12 | H26: =G26/G60 -> 0.0010035734 | J26: =+G26 -> 49190.12
A27: =Presupuesto!A27 -> 2.4 | B27: =Presupuesto!B27 -> CONCRETO PARA ZAPATAS R-21MPA | D27: =Presupuesto!D27 -> M3 | E27: =Presupuesto!E27 -> 0.28 | F27: =Presupuesto!F27 -> 1353271 | G27: =ROUND(E27*F27,2) -> 378915.88 | H27: =G27/G60 -> 0.0077306152 | J27: =+G27 -> 378915.88
A28: =Presupuesto!A28 -> 2.5 | B28: =Presupuesto!B28 -> CONCRETO VIGA AEREA | D28: =Presupuesto!D28 -> M3 | E28: =Presupuesto!E28 -> 0.39 | F28: =Presupuesto!F28 -> 1353271 | G28: =ROUND(E28*F28,2) -> 527775.69 | H28: =G28/G60 -> 0.010767643 | K28: =+G28 -> 527775.69
A29: =Presupuesto!A29 -> 2.6 | B29: =Presupuesto!B29 -> ACERO DE REFUERZO FY=420MPA, INCLUYE FIGURADO, AMARRE E INSTALACIÓN | D29: =Presupuesto!D29 -> KG | E29: =Presupuesto!E29 -> 159.11 | F29: =Presupuesto!F29 -> 14156.5 | G29: =ROUND(E29*F29,2) -> 2252440.7 | H29: =G29/G60 -> 0.045954138 | J29: =+G29 -> 2252440.7
A30: =Presupuesto!A30 -> 2.7 | B30: =Presupuesto!B30 -> CONCRETO COLUMNAS. 21MPA (3000 PSI) | D30: =Presupuesto!D30 -> M3 | E30: =Presupuesto!E30 -> 0.22 | F30: =Presupuesto!F30 -> 1686591.8 | G30: =ROUND(E30*F30,2) -> 371050.2 | H30: =G30/G60 -> 0.0075701402 | K30: =+G30 -> 371050.2
A31: =Presupuesto!A31 -> 2.8 | B31: =Presupuesto!B31 -> MURO EN LADRILLO FAROL NUMERO 4 VISTO | D31: =Presupuesto!D31 -> M2 | E31: =Presupuesto!E31 -> 11.44 | F31: =Presupuesto!F31 -> 103718.62 | G31: =ROUND(E31*F31,2) -> 1186541 | H31: =G31/G60 -> 0.024207727 | K31: =+G31 -> 1186541
B33: =Presupuesto!B33 -> MEJORAMIENTOS DE PISOS
A34: =Presupuesto!A34 -> 3.1 | B34: =Presupuesto!B34 -> CONTRAPISO DE CONCRETO LIVIANO DE RESISTENCIA A COMPRESIÓN 2,5 MPA ESP 6 CM | D34: =Presupuesto!D34 -> M2 | E34: =Presupuesto!E34 -> 5.88 | F34: =Presupuesto!F34 -> 41458.48 | G34: =ROUND(E34*F34,2) -> 243775.86 | H34: =G34/G60 -> 0.004973498 | I34: =+G34/2 -> 121887.93 | K34: =+G34/2 -> 121887.93
A35: =Presupuesto!A35 -> 3.2 | B35: =Presupuesto!B35 -> SUMINISTRO E INSTALACIÓN DE CERAMICA PISO GENERAL (INCLUYE ALISTADO) | D35: =Presupuesto!D35 -> M2 | E35: =Presupuesto!E35 -> 32.34 | F35: =Presupuesto!F35 -> 118250 | G35: =ROUND(E35*F35,2) -> 3824205 | H35: =G35/G60 -> 0.078021162 | K35: =+G35/2 -> 1912102.5 | L35: =+G35/2 -> 1912102.5
A36: =Presupuesto!A36 -> 3.3 | B36: =Presupuesto!B36 -> GUARDAESCOBA EN CERAMICA | D36: =Presupuesto!D36 -> ML | E36: =Presupuesto!E36 -> 26.6 | F36: =Presupuesto!F36 -> 16275 | G36: =ROUND(E36*F36,2) -> 432915 | H36: =G36/G60 -> 0.0088323015 | L36: =+G36 -> 432915
B37: =Presupuesto!B38 -> CUBIERTA
A38: =Presupuesto!A39 -> 4.1 | B38: =Presupuesto!B39 -> ESTRUCTURA METALICA PARA CUBIERTA EN PERFIL C Gr50 100 x 50 x 2.0mm x 6m (Incluye soldadura) | D38: =Presupuesto!D39 -> KG | E38: =Presupuesto!E39 -> 43.6 | F38: =Presupuesto!F39 -> 26940 | G38: =ROUND(E38*F38,2) -> 1174584 | H38: =G38/G60 -> 0.02396378 | K38: =+G38 -> 1174584
A39: =Presupuesto!A40 -> 4.2 | B39: =Presupuesto!B40 -> SUMINISTRO E INSTALACION DE TEJA DURATECHO | D39: =Presupuesto!D40 -> M2 | E39: =Presupuesto!E40 -> 65.68 | F39: =Presupuesto!F40 -> 60810.56 | G39: =ROUND(E39*F39,2) -> 3994037.6 | H39: =G39/G60 -> 0.081486075 | I39: =+G39 -> 3994037.6
A40: =Presupuesto!A41 -> 4.3 | B40: CABALLETE | D40: UND | E40: =+Presupuesto!E41 -> 9 | F40: =Presupuesto!F41 -> 56668.89 | G40: =ROUND(E40*F40,2) -> 510020.01 | H40: =G40/G60 -> 0.010405393 | I40: =+G40 -> 510020.01
B41: =Presupuesto!B43 -> ACABADOS
A42: =Presupuesto!A44 -> 5.1 | B42: =Presupuesto!B44 -> SUMINISTRO Y APLICACIÓN ESTUCO PLASTICO ACRILICO SOBRE MUROS | D42: =Presupuesto!D44 -> M2 | E42: =Presupuesto!E44 -> 147.63 | F42: =Presupuesto!F44 -> 54143.75 | G42: =ROUND(E42*F42,2) -> 7993241.8 | H42: =G42/G60 -> 0.16307756 | J42: =+G42/2 -> 3996620.9 | K42: =+G42/2 -> 3996620.9
A43: =Presupuesto!A45 -> 5.2 | B43: =Presupuesto!B45 -> SUMINISTRO Y APLICACIÓN PINTURA CORAZA PARA EXTERIORES 3 MANOS | D43: =Presupuesto!D45 -> M2 | E43: =Presupuesto!E45 -> 147.63 | F43: =Presupuesto!F45 -> 14651.32 | G43: =ROUND(E43*F43,2) -> 2162974.4 | H43: =G43/G60 -> 0.044128852 | J43: =+G43/2 -> 1081487.2 | L43: =+G43/2 -> 1081487.2
A44: =Presupuesto!A46 -> 5.3 | B44: =Presupuesto!B46 -> VENTANA TIPO REJA EN MARCO GALVANIZADO BARRA CUADRADA MEDIDAS 3,43X1,5 m | D44: =Presupuesto!D46 -> UND | E44: =Presupuesto!E46 -> 1 | F44: =Presupuesto!F46 -> 1341437.5 | G44: =ROUND(E44*F44,2) -> 1341437.5 | H44: =G44/G60 -> 0.027367914 | L44: =+G44 -> 1341437.5
A45: =Presupuesto!A47 -> 5.4 | B45: =Presupuesto!B47 -> VENTANA TIPO REJA EN MARCO GALVANIZADO BARRA CUADRADA MEDIDAS 1,40X1,50 m | D45: =Presupuesto!D47 -> UND | E45: =Presupuesto!E47 -> 1 | F45: =Presupuesto!F47 -> 691437.5 | G45: =ROUND(E45*F45,2) -> 691437.5 | H45: =G45/G60 -> 0.014106659 | L45: =+G45 -> 691437.5
A46: =Presupuesto!A48 -> 5.5 | B46: =Presupuesto!B48 -> VENTANA TIPO REJA EN MARCO GALVANIZADO BARRA CUADRADA MEDIDAS 1,98X1,45 M | D46: =Presupuesto!D48 -> UND | E46: =Presupuesto!E48 -> 1 | F46: =Presupuesto!F48 -> 1041437.5 | G46: =ROUND(E46*F46,2) -> 1041437.5 | H46: =G46/G60 -> 0.021247335 | J46: =G46 -> 1041437.5
A47: =Presupuesto!A49 -> 5.6 | B47: =Presupuesto!B49 -> SUMINISTRO E INSTALACION DE PUERTA METALICA MEDIDAS 1,20X2,3M | D47: =Presupuesto!D49 -> UND | E47: =Presupuesto!E49 -> 1 | F47: =Presupuesto!F49 -> 1041437.5 | G47: =ROUND(E47*F47,2) -> 1041437.5 | H47: =G47/G60 -> 0.021247335 | L47: =+G47 -> 1041437.5
B49: =+Presupuesto!B51 -> INSTALACIONES ELECTRICAS
A50: =+Presupuesto!A52 -> 6.1 | B50: SUMINISTRO E INSTALACION DE SALIDA PARA INTERRUPTOR, INCLUYE CAJA DE IA RECTANGULAR, INTERRUPTOR Y DEMAS ACCESORIOS | D50: =+Presupuesto!D52 -> UND | E50: =+Presupuesto!E52 -> 2 | F50: =+Presupuesto!F52 -> 35383.33 | G50: =ROUND(E50*F50,2) -> 70766.66 | H50: =G50/G60 -> 0.0014437764 | K50: =+G50 -> 70766.66
A51: =+Presupuesto!A53 -> 6.2 | B51: =+Presupuesto!B53 -> SUMINISTRO E INSTALACION DE SALIDA PARA TOMACORRIENTE DE USO GENERAL, INCLUYE CAJA PLASTICA, TOMA CORRIENTE Y DEMAS ACCESORIOS | D51: =+Presupuesto!D53 -> UND | E51: =+Presupuesto!E53 -> 2 | F51: =+Presupuesto!F53 -> 149118.75 | G51: =ROUND(E51*F51,2) -> 298237.5 | H51: =G51/G60 -> 0.0060846206 | L51: =+G51 -> 298237.5
A52: =+Presupuesto!A54 -> 6.3 | B52: =+Presupuesto!B54 -> SUMINISTRO E INSTALACION DE SALIDA DE LAMPARA LED DE 24W INLUYE CAJA DE ALUMINIO OCTAGONAL Y DEMAS ACCEORIOS | D52: =+Presupuesto!D54 -> UND | E52: =+Presupuesto!E54 -> 3 | F52: =+Presupuesto!F54 -> 281980 | G52: =ROUND(E52*F52,2) -> 845940 | H52: =G52/G60 -> 0.017258809 | L52: =+G52 -> 845940
A55: TOTAL COSTO DIRECTO OBRA | G55: =SUM(G15:G52) -> 37132554 | H55: =SUM(H15:H54) -> 0.75757576 | I55: =SUM(I15:I54) -> 6976362.9 | J55: =SUM(J15:J54) -> 13149867 | K55: =SUM(K15:K54) -> 9361328.9 | L55: =SUM(L15:L54) -> 7644994.7
A56: ADMINISTRACION | F56: 0.28 | G56: =ROUND((F56*G$55),2) -> 10397115 | H56: =G56/G$60 -> 0.21212121 | I56: =$F$56*I$55 -> 1953381.6 | J56: =$F$56*J$55 -> 3681962.8 | K56: =$F$56*K$55 -> 2621172.1 | L56: =$F$56*L$55 -> 2140598.5
A57: IMPREVISTOS | F57: 0.01 | G57: =ROUND((F57*G$55),2) -> 371325.54 | H57: =G57/G$60 -> 0.0075757576 | I57: =$F$57*I$55 -> 69763.629 | J57: =$F$57*J$55 -> 131498.67 | K57: =$F$57*K$55 -> 93613.289 | L57: =$F$57*L$55 -> 76449.947
A58: UTILIDAD | F58: 0.03 | G58: =ROUND((F58*G$55),2) -> 1113976.6 | H58: =G58/G$60 -> 0.022727273 | I58: =$F$58*I$55 -> 209290.89 | J58: =$F$58*J$55 -> 394496.01 | K58: =$F$58*K$55 -> 280839.87 | L58: =$F$58*L$55 -> 229349.84
A59: TOTAL COSTO INDIRECTO OBRA | G59: =SUM(G56:G58) -> 11882417 | H59: =SUM(H56:H58) -> 0.24242424 | I59: =SUM(I56:I58) -> 2232436.1 | J59: =SUM(J56:J58) -> 4207957.5 | K59: =SUM(K56:K58) -> 2995625.2 | L59: =SUM(L56:L58) -> 2446398.3
A60: TOTAL OBRA | G60: =G59+G55 -> 49014971 | H60: =H55+H59 -> 1 | I60: =I55+I59 -> 9208799.1 | J60: =J55+J59 -> 17357825 | K60: =K55+K59 -> 12356954 | L60: =L55+L59 -> 10091393
E65: =+Presupuesto!D65 -> ARQ. GUILLERMO YAMID VALLEJOS BENAVIDES
E66: =+Presupuesto!D66 -> SECRETARIO DE PLANEACION Y OBRAS PUBLICAS
E67: =+Presupuesto!D67 -> SAN MIGUEL - PUTUMAYO

Sheet DESGLOSE AIU
B1: SECRETARIA DE PLANEACIÓN Y OBRA PÚBLICAS | D1: CÓDIGO | E1: 103
D2: SERIE Y SUBSERIE | E2: 51
B3: NIT. 800252922-2
B4: Modelo Integrado de Planeación y Gestión | D4: VERSIÓN | E4: 1
B5: PRESUPUESTO | D5: FECHA DEL FORMATO | E5: D/M/A
E6: 44216
A8: =Presupuesto!A8 -> ADECUACION Y MEJORAMIENTO DE AULAS ESCOLARES UBICADA EN LA INSTITUCION EDUCATIVA TECNICO COMERCIAL LA DORADA SEDE ESCUELA CENTRAL DEL MUNICIPIO DE SAN MIGUEL PUTUMAYO
A11: DESGLOCE A.I.U
A13: SALARIO PERSONAL ADMINISTRATIVO DE OBRA
A14: PERSONAL | B14: SUELDO BASICO | C14: FACTOR PRESTACIONAL | E14: SUELDO + PRESTACIONES
A15: Residente de Obra | B15: 2000000 | C15: 1.75 | E15: =B15*C15 -> 3500000
A16: 1. ADMINISTRACION | G16: IVA | H16: =H50/1.19 -> 936114.8
A17: 1.1. PERSONAL ADMINISTRATIVO DE OBRA | B17: SUELDO + PRESTACIONES | C17: DEDICACION | D17: MESES | E17: VALOR PARCIAL | F17: % SOBRE COSTO DIRECTO | G17: VALOR TOTAL PPTO | H17: =Presupuesto!G61 -> 49014971
A18: Residente de Obra | B18: =E15 -> 3500000 | C18: 0.5 | D18: 1 | E18: =ROUND((B18*C18*D18),0) -> 1750000 | F18: =E18/E52 -> 0.047128458 | G18: VALOR TOTAL PPTO-IVA | H18: =H17-H16 -> 48078856
A19: 1.2. COSTOS DEL PROCESO
A20: Polizas y legalizacion del contrato | E20: 300000 | F20: =E20/$E$52 -> 0.0080791643
A21: 1.3. GASTOS DE OBRA
A22: Edicion de informes Fotografias | E22: 107728.28 | F22: =E22/$E$52 -> 0.0029011816
A23: Seguridad Industrial | E23: 180000 | F23: =E23/$E$52 -> 0.0048474986
A24: 1.3 IMPUESTOS DE OBRA
A25: Retefuente | E25: =H18*G25 -> 961577.12 | F25: =E25/$E$52 -> 0.025895798 | G25: 0.02
A26: Servicios (reteica) contratos de obra, y consultorias | E26: =H18*G26 -> 480788.56 | F26: =E26/$E$52 -> 0.012947899 | G26: 0.01
A27: Contribucion ciudadana | E27: =G27*$H$17 -> 2450748.5 | F27: =E27/$E$52 -> 0.066 | G27: 0.05
A28: ESTAMPILLAS
A29: Estampilla para el bienestar del adulto mayor | E29: =G29*$H$17 -> 1960598.8 | F29: =E29/$E$52 -> 0.0528 | G29: 0.04
A30: estampilla procultura | E30: =G30*$H$17 -> 980299.42 | F30: =E30/$E$52 -> 0.0264 | G30: 0.02
A31: estampilla para justicia | E31: =G31*$H$17 -> 980299.42 | F31: =E31/$E$52 -> 0.0264 | G31: 0.02
A32: tasa prodeporte contrato de minima cuantia desde 1 a 28 SLMV | E32: =G32*$H$17 -> 245074.85 | F32: =E32/$E$52 -> 0.0066 | G32: 0.005
A33: TOTAL ADMINISTRACION | E33: =ROUND(SUM(E18:E32),2) -> 10397115 | F33: =SUM(F18:F32) -> 0.28 | G33: =H48 -> 10397115
A35: 2. IMPREVISTOS
A36: DESCRIPCION | D36: VALOR PARCIAL | F36: PORCENTAJE
A37: IMPREVISTOS | D37: =ROUND((F37*E52),2) -> 371325.54 | F37: 0.01
A38: TOTAL IMPREVISTO | D38: =D37 -> 371325.54 | F38: =SUM(F37) -> 0.01
A40: 3. UTILIDAD
A41: DESCRIPCION | D41: VALOR PARCIAL | F41: PORCENTAJE
A42: UTILIDAD | D42: =ROUND((F42*E52),2) -> 1113976.6 | F42: 0.03
A43: TOTAL UTILIDAD | D43: =D42 -> 1113976.6 | F43: =SUM(F42) -> 0.03
A45: TOTAL COSTO DIRECTO A.I.U
A46: RESUMEN
A47: DESCRIPCION | D47: VALOR PARCIAL | F47: PORCENTAJE | G47: total obra
A48: ADMINISTRACION | D48: =E33 -> 10397115 | F48: 0.28 | G48: A | H48: 10397115
A49: IMPREVISTOS | D49: =D38 -> 371325.54 | F49: 0.01 | G49: I | H49: 371325.54
A50: UTILIDAD | D50: =D43 -> 1113976.6 | F50: 0.03 | G50: U | H50: 1113976.6
A51: TOTAL | D51: =SUM(D48:E50) -> 11882417 | F51: =SUM(F48:F50) -> 0.32 | G51: tot AIU | H51: =SUM(H48:H50) -> 11882417
A52: COSTO DIRECTO | E52: =Presupuesto!G56 -> 37132554
A53: COSTO INDIRECTO (32%) | E53: =D51 -> 11882417
A54: SUBTOTAL | E54: =E52+E53 -> 49014971
A59: =Presupuesto!D65 -> ARQ. GUILLERMO YAMID VALLEJOS BENAVIDES
A60: =Presupuesto!D66 -> SECRETARIO DE PLANEACION Y OBRAS PUBLICAS
A61: =Presupuesto!D67 -> SAN MIGUEL - PUTUMAYO

Sheet BASICOS RURAL
B1: SECRETARIA DE PLANEACIÓN Y OBRA PÚBLICAS | E1: CÓDIGO | G1: 103
E2: SERIE Y SUBSERIE | G2: 51
B3: NIT. 800252922-2
B4: Modelo Integrado de Planeación y Gestión | E4: VERSIÓN | G4: 1
B5: PRESUPUESTO | E5: FECHA DEL FORMATO | G5: D/M/A
G6: 44216
A7: =Presupuesto!A8 -> ADECUACION Y MEJORAMIENTO DE AULAS ESCOLARES UBICADA EN LA INSTITUCION EDUCATIVA TECNICO COMERCIAL LA DORADA SEDE ESCUELA CENTRAL DEL MUNICIPIO DE SAN MIGUEL PUTUMAYO
A12: BASICOS ZONA RURAL
A13: ANALISIS DE PRECIOS UNITARIOS
A15: BASICO I | B15: CONCRETO 3000 PSI | G15: Unidad: | H15: M3
A17: I | B17: HERRAMIENTA Y EQUIPO
B18: DESCRIPCIÓN | D18: Unidad | E18: Tarifa/Día | F18: Rend | G18: V. Unitario. | I18: ALQUILER EQUIPOS
B19: Mezcladora | D19: Hora | E19: =M19 -> 15000 | F19: 3.5 | G19: =E19*F19 -> 52500 | I19: TROMPO | J19: capa 2 bultos dia | L19: 120000 | M19: =L19/8 -> 15000
B20: Vibrador | D20: Hora | E20: =M20 -> 12500 | F20: 3.5 | G20: =E20*F20 -> 43750 | I20: VIBRO | J20: alquiler dia | L20: 100000 | M20: =L20/8 -> 12500
E21: SUBTOTAL. | H21: =ROUND(SUM(G19:G20),0) -> 96250
A22: II | B22: MATERIALES EN OBRA. | I22: COSTOS PUESTO EN ZONA RURAL DISPERSA
B23: DESCRIPCIÓN | D23: Unidad | E23: Cant. | F23: Precio Unit. | G23: V. Unitario. | I23: CEMENTO | J23: bulto 50Kg, con transpr | L23: 40000 | M23: =L23/50 -> 800
B24: CEMENTO GRIS TIPO 1 | D24: KG | E24: 350 | F24: =M23 -> 800 | G24: =+F24*E24 -> 280000 | I24: ARENA | J24: viaje de volqueta 5 M3 | L24: 800000 | M24: =L24/5 -> 160000
B25: AGUA | D25: LTS | E25: 210 | F25: 180 | G25: =+F25*E25 -> 37800 | I25: TRITURADO | J25: viaje de volqueta 5 M3 | L25: 1625000 | M25: =L25/5 -> 325000
B26: ARENA DE RIO | D26: M3 | E26: 0.56 | F26: =M24 -> 160000 | G26: =+F26*E26 -> 89600
B27: TRITURADO | D27: M3 | E27: 0.84 | F27: =M25 -> 325000 | G27: =+F27*E27 -> 273000
E28: SUBTOTAL | H28: =(SUM(G24:G27)) -> 680400
A29: III | B29: MANO DE OBRA.
B30: DESCRIPCIÓN | C30: H-H | D30: Prestac | E30: Cant. | F30: Rend. | G30: V. Unitario.
E32: SUBTOTAL | H32: =SUM(G31) -> 0
A33: IV | B33: TRANSPORTE
B34: DESCRIPCIÓN | C34: Unidad | D34: Cantidad | E34: Prec.Unitario | G34: Vr. Unitario
E36: SUBTOTAL | H36: =SUM(G35) -> 0
D38: TOTAL COSTOS DIRECTOS. | H38: =ROUND(SUM(H21:H37),0) -> 776650
A39: V | B39: COSTOS INDIRECTOS.
B40: DESCRIPCIÓN | C40: % | D40: COSTO DIRECTO | F40: V. UNITARIO
B41: ADMINISTRACIÓN | C41: 0.1 | G41: =+H38*C41 -> 77665
B42: IMPREVISTOS | C42: 0.02 | G42: =+H38*C42 -> 15533
D43: TOTAL COSTOS INDIRECTOS | H43: =SUM(G41:G42) -> 93198
D45: TOTAL PRECIO UNITARIO. | H45: =ROUND((H38+H43),0) -> 869848
A50: =Presupuesto!D65 -> ARQ. GUILLERMO YAMID VALLEJOS BENAVIDES
A51: =Presupuesto!D66 -> SECRETARIO DE PLANEACION Y OBRAS PUBLICAS
A52: =Presupuesto!D67 -> SAN MIGUEL - PUTUMAYO
B53: SECRETARIA DE PLANEACIÓN Y OBRA PÚBLICAS | E53: CÓDIGO | G53: 103
E54: SERIE Y SUBSERIE | G54: 51
B55: NIT. 800252922-2
B56: Modelo Integrado de Planeación y Gestión | E56: VERSIÓN | G56: 1
B57: PRESUPUESTO | E57: FECHA DEL FORMATO | G57: D/M/A
G58: 44216
A59: =Presupuesto!A8 -> ADECUACION Y MEJORAMIENTO DE AULAS ESCOLARES UBICADA EN LA INSTITUCION EDUCATIVA TECNICO COMERCIAL LA DORADA SEDE ESCUELA CENTRAL DEL MUNICIPIO DE SAN MIGUEL PUTUMAYO
A63: ANALISIS DE PRECIOS UNITARIOS
A65: BASICO II | B65: MORTERO 1:3 | G65: Unidad: | H65: M3
A67: I | B67: HERRAMIENTA Y EQUIPO
B68: DESCRIPCIÓN | D68: Unidad | E68: Tarifa/Día | F68: Rend | G68: V. Unitario. | I68: ALQUILER EQUIPOS
I69: TROMPO | J69: capa 2 bultos dia | L69: 120000 | M69: =L69/8 -> 15000
I70: VIBRO | J70: alquiler dia | L70: 100000 | M70: =L70/8 -> 12500
E71: SUBTOTAL. | H71: =ROUND(SUM(G69:G70),0) -> 0
A72: II | B72: MATERIALES EN OBRA. | I72: COSTOS PUESTO EN ZONA RURAL DISPERSA
B73: DESCRIPCIÓN | D73: Unidad | E73: Cant. | F73: Precio Unit. | G73: V. Unitario. | I73: CEMENTO | J73: bulto 50Kg, con transpr | L73: 40000 | M73: =L73/50 -> 800
B74: CEMENTO GRIS TIPO 1 | D74: KG | E74: 450 | F74: =M73 -> 800 | G74: =+F74*E74 -> 360000 | I74: ARENA | J74: viaje de volqueta 5 M3 | L74: 800000 | M74: =L74/5 -> 160000
B75: AGUA | D75: LTS | E75: 260 | F75: 180 | G75: =+F75*E75 -> 46800 | I75: TRITURADO | J75: viaje de volqueta 5 M3 | L75: 1625000 | M75: =L75/5 -> 325000
B76: ARENA DE RIO | D76: M3 | E76: 1.08 | F76: =M74 -> 160000 | G76: =+F76*E76 -> 172800
E78: SUBTOTAL | H78: =(SUM(G74:G77)) -> 579600
A79: III | B79: MANO DE OBRA.
B80: DESCRIPCIÓN | C80: H-H | D80: Prestac | E80: Cant. | F80: Rend. | G80: V. Unitario.
E82: SUBTOTAL | H82: =SUM(G81) -> 0
A83: IV | B83: TRANSPORTE
B84: DESCRIPCIÓN | C84: Unidad | D84: Cantidad | E84: Prec.Unitario | G84: Vr. Unitario
E86: SUBTOTAL | H86: =SUM(G85) -> 0
D88: TOTAL COSTOS DIRECTOS. | H88: =ROUND(SUM(H71:H87),0) -> 579600
A89: V | B89: COSTOS INDIRECTOS.
B90: DESCRIPCIÓN | C90: % | D90: COSTO DIRECTO | F90: V. UNITARIO
B91: ADMINISTRACIÓN | C91: 0.1 | G91: =+H88*C91 -> 57960
B92: IMPREVISTOS | C92: 0.02 | G92: =+H88*C92 -> 11592
D93: TOTAL COSTOS INDIRECTOS | H93: =SUM(G91:G92) -> 69552
D95: TOTAL PRECIO UNITARIO. | H95: =ROUND((H88+H93),0) -> 649152
A100: =Presupuesto!D65 -> ARQ. GUILLERMO YAMID VALLEJOS BENAVIDES
A101: =Presupuesto!D66 -> SECRETARIO DE PLANEACION Y OBRAS PUBLICAS
A102: =Presupuesto!D67 -> SAN MIGUEL - PUTUMAYO
B103: SECRETARIA DE PLANEACIÓN Y OBRA PÚBLICAS | E103: CÓDIGO | G103: 103
E104: SERIE Y SUBSERIE | G104: 51
B105: NIT. 800252922-2
B106: Modelo Integrado de Planeación y Gestión | E106: VERSIÓN | G106: 1
B107: PRESUPUESTO | E107: FECHA DEL FORMATO | G107: D/M/A
G108: 44216
A110: =Presupuesto!A8 -> ADECUACION Y MEJORAMIENTO DE AULAS ESCOLARES UBICADA EN LA INSTITUCION EDUCATIVA TECNICO COMERCIAL LA DORADA SEDE ESCUELA CENTRAL DEL MUNICIPIO DE SAN MIGUEL PUTUMAYO
A114: ANALISIS DE PRECIOS UNITARIOS
A116: BASICO III | B116: CONCRETO 2500 PSI | G116: Unidad: | H116: M3
A118: I | B118: HERRAMIENTA Y EQUIPO
B119: DESCRIPCIÓN | D119: Unidad | E119: Tarifa/Día | F119: Rend | G119: V. Unitario. | I119: ALQUILER EQUIPOS
B120: Mezcladora | D120: Hora | E120: =M120 -> 15000 | F120: 3.5 | G120: =E120*F120 -> 52500 | I120: TROMPO | J120: capa 2 bultos dia | L120: 120000 | M120: =L120/8 -> 15000
B121: Vibrador | D121: Hora | E121: =M121 -> 12500 | F121: 3.5 | G121: =E121*F121 -> 43750 | I121: VIBRO | J121: alquiler dia | L121: 100000 | M121: =L121/8 -> 12500
E122: SUBTOTAL. | H122: =ROUND(SUM(G120:G121),0) -> 96250
A123: II | B123: MATERIALES EN OBRA.
B124: DESCRIPCIÓN | D124: Unidad | E124: Cant. | F124: Precio Unit. | G124: V. Unitario. | I124: COSTOS PUESTO EN ZONA RURAL DISPERSA
B125: CEMENTO GRIS TIPO 1 | D125: KG | E125: 300 | F125: =M125 -> 800 | G125: =+F125*E125 -> 240000 | I125: CEMENTO | J125: bulto 50Kg, con transpr | L125: 40000 | M125: =L125/50 -> 800
B126: AGUA | D126: LTS | E126: 210 | F126: 180 | G126: =+F126*E126 -> 37800 | I126: ARENA | J126: viaje de volqueta 5 M3 | L126: 800000 | M126: =L126/5 -> 160000
B127: ARENA DE RIO | D127: M3 | E127: 0.48 | F127: =M126 -> 160000 | G127: =+F127*E127 -> 76800 | I127: TRITURADO | J127: viaje de volqueta 5 M3 | L127: 1625000 | M127: =L127/5 -> 325000
B128: TRITURADO | D128: M3 | E128: 0.96 | F128: =M127 -> 325000 | G128: =+F128*E128 -> 312000
E129: SUBTOTAL | H129: =(SUM(G125:G128)) -> 666600
A130: III | B130: MANO DE OBRA.
B131: DESCRIPCIÓN | C131: H-H | D131: Prestac | E131: Cant. | F131: Rend. | G131: V. Unitario.
E133: SUBTOTAL | H133: =SUM(G132) -> 0
A134: IV | B134: TRANSPORTE
B135: DESCRIPCIÓN | C135: Unidad | D135: Cantidad | E135: Prec.Unitario | G135: Vr. Unitario
...

Sheet BASICOS URBANOS
B1: SECRETARIA DE PLANEACIÓN Y OBRA PÚBLICAS | E1: CÓDIGO | G1: 103
E2: SERIE Y SUBSERIE | G2: 51
B3: NIT. 800252922-2
B4: Modelo Integrado de Planeación y Gestión | E4: VERSIÓN | G4: 1
B5: PRESUPUESTO | E5: FECHA DEL FORMATO | G5: D/M/A
G6: 44216
A7: =Presupuesto!A8 -> ADECUACION Y MEJORAMIENTO DE AULAS ESCOLARES UBICADA EN LA INSTITUCION EDUCATIVA TECNICO COMERCIAL LA DORADA SEDE ESCUELA CENTRAL DEL MUNICIPIO DE SAN MIGUEL PUTUMAYO
A12: BASICOS ZONA RURAL
A13: ANALISIS DE PRECIOS UNITARIOS
A15: BASICO I | B15: CONCRETO 3000 PSI | G15: Unidad: | H15: M3
A17: I | B17: HERRAMIENTA Y EQUIPO
B18: DESCRIPCIÓN | D18: Unidad | E18: Tarifa/Día | F18: Rend | G18: V. Unitario. | I18: ALQUILER EQUIPOS
B19: Mezcladora | D19: Hora | E19: =M19 -> 15000 | F19: 3.5 | G19: =E19*F19 -> 52500 | I19: TROMPO | J19: capa 2 bultos dia | L19: 120000 | M19: =L19/8 -> 15000
B20: Vibrador | D20: Hora | E20: =M20 -> 12500 | F20: 3.5 | G20: =E20*F20 -> 43750 | I20: VIBRO | J20: alquiler dia | L20: 100000 | M20: =L20/8 -> 12500
E21: SUBTOTAL. | H21: =ROUND(SUM(G19:G20),0) -> 96250
A22: II | B22: MATERIALES EN OBRA. | I22: COSTOS PUESTO EN ZONA RURAL DISPERSA
B23: DESCRIPCIÓN | D23: Unidad | E23: Cant. | F23: Precio Unit. | G23: V. Unitario. | I23: CEMENTO | J23: bulto 50Kg, con transpr | L23: 38000 | M23: =L23/50 -> 760
B24: CEMENTO GRIS TIPO 1 | D24: KG | E24: 350 | F24: =M23 -> 760 | G24: =+F24*E24 -> 266000 | I24: ARENA | J24: viaje de volqueta 6 M3 | L24: 300000 | M24: =L24/6 -> 50000
B25: AGUA | D25: LTS | E25: 210 | F25: 180 | G25: =+F25*E25 -> 37800 | I25: TRITURADO | J25: viaje de volqueta 6 M3 | L25: 1500000 | M25: =L25/6 -> 250000
B26: ARENA DE RIO | D26: M3 | E26: 0.56 | F26: =M24 -> 50000 | G26: =+F26*E26 -> 28000
B27: TRITURADO | D27: M3 | E27: 0.84 | F27: =M25 -> 250000 | G27: =+F27*E27 -> 210000
E28: SUBTOTAL | H28: =(SUM(G24:G27)) -> 541800
A29: III | B29: MANO DE OBRA.
B30: DESCRIPCIÓN | C30: H-H | D30: Prestac | E30: Cant. | F30: Rend. | G30: V. Unitario.
E32: SUBTOTAL | H32: =SUM(G31) -> 0
A33: IV | B33: TRANSPORTE
B34: DESCRIPCIÓN | C34: Unidad | D34: Cantidad | E34: Prec.Unitario | G34: Vr. Unitario
E36: SUBTOTAL | H36: =SUM(G35) -> 0
D38: TOTAL COSTOS DIRECTOS. | H38: =ROUND(SUM(H21:H37),0) -> 638050
A39: V | B39: COSTOS INDIRECTOS.
B40: DESCRIPCIÓN | C40: % | D40: COSTO DIRECTO | F40: V. UNITARIO
B41: ADMINISTRACIÓN | C41: 0.1 | G41: =+H38*C41 -> 63805
B42: IMPREVISTOS | C42: 0.02 | G42: =+H38*C42 -> 12761
D43: TOTAL COSTOS INDIRECTOS | H43: =SUM(G41:G42) -> 76566
D45: TOTAL PRECIO UNITARIO. | H45: =ROUND((H38+H43),0) -> 714616
A50: =Presupuesto!D65 -> ARQ. GUILLERMO YAMID VALLEJOS BENAVIDES
A51: =Presupuesto!D66 -> SECRETARIO DE PLANEACION Y OBRAS PUBLICAS
A52: =Presupuesto!D67 -> SAN MIGUEL - PUTUMAYO
B53: SECRETARIA DE PLANEACIÓN Y OBRA PÚBLICAS | E53: CÓDIGO | G53: 103
E54: SERIE Y SUBSERIE | G54: 51
B55: NIT. 800252922-2
B56: Modelo Integrado de Planeación y Gestión | E56: VERSIÓN | G56: 1
B57: PRESUPUESTO | E57: FECHA DEL FORMATO | G57: D/M/A
G58: 44216
A59: =Presupuesto!A8 -> ADECUACION Y MEJORAMIENTO DE AULAS ESCOLARES UBICADA EN LA INSTITUCION EDUCATIVA TECNICO COMERCIAL LA DORADA SEDE ESCUELA CENTRAL DEL MUNICIPIO DE SAN MIGUEL PUTUMAYO
A63: ANALISIS DE PRECIOS UNITARIOS
A65: BASICO II | B65: MORTERO 1:3 | G65: Unidad: | H65: M3
A67: I | B67: HERRAMIENTA Y EQUIPO
B68: DESCRIPCIÓN | D68: Unidad | E68: Tarifa/Día | F68: Rend | G68: V. Unitario. | I68: ALQUILER EQUIPOS
I69: TROMPO | J69: capa 2 bultos dia | L69: 120000 | M69: =L69/8 -> 15000
I70: VIBRO | J70: alquiler dia | L70: 100000 | M70: =L70/8 -> 12500
E71: SUBTOTAL. | H71: =ROUND(SUM(G69:G70),0) -> 0
A72: II | B72: MATERIALES EN OBRA. | I72: COSTOS PUESTO EN ZONA RURAL DISPERSA
B73: DESCRIPCIÓN | D73: Unidad | E73: Cant. | F73: Precio Unit. | G73: V. Unitario. | I73: CEMENTO | J73: bulto 50Kg, con transpr | L73: 38000 | M73: =L73/50 -> 760
B74: CEMENTO GRIS TIPO 1 | D74: KG | E74: 450 | F74: =M73 -> 760 | G74: =+F74*E74 -> 342000 | I74: ARENA | J74: viaje de volqueta 6 M3 | L74: 300000 | M74: =L74/6 -> 50000
B75: AGUA | D75: LTS | E75: 260 | F75: 180 | G75: =+F75*E75 -> 46800 | I75: TRITURADO | J75: viaje de volqueta 6 M3 | L75: 1500000 | M75: =L75/6 -> 250000
B76: ARENA DE RIO | D76: M3 | E76: 1.08 | F76: =M74 -> 50000 | G76: =+F76*E76 -> 54000
E78: SUBTOTAL | H78: =(SUM(G74:G77)) -> 442800
A79: III | B79: MANO DE OBRA.
B80: DESCRIPCIÓN | C80: H-H | D80: Prestac | E80: Cant. | F80: Rend. | G80: V. Unitario.
E82: SUBTOTAL | H82: =SUM(G81) -> 0
A83: IV | B83: TRANSPORTE
B84: DESCRIPCIÓN | C84: Unidad | D84: Cantidad | E84: Prec.Unitario | G84: Vr. Unitario
E86: SUBTOTAL | H86: =SUM(G85) -> 0
D88: TOTAL COSTOS DIRECTOS. | H88: =ROUND(SUM(H71:H87),0) -> 442800
A89: V | B89: COSTOS INDIRECTOS.
B90: DESCRIPCIÓN | C90: % | D90: COSTO DIRECTO | F90: V. UNITARIO
B91: ADMINISTRACIÓN | C91: 0.1 | G91: =+H88*C91 -> 44280
B92: IMPREVISTOS | C92: 0.02 | G92: =+H88*C92 -> 8856
D93: TOTAL COSTOS INDIRECTOS | H93: =SUM(G91:G92) -> 53136
D95: TOTAL PRECIO UNITARIO. | H95: =ROUND((H88+H93),0) -> 495936
A100: =Presupuesto!D65 -> ARQ. GUILLERMO YAMID VALLEJOS BENAVIDES
A101: =Presupuesto!D66 -> SECRETARIO DE PLANEACION Y OBRAS PUBLICAS
A102: =Presupuesto!D67 -> SAN MIGUEL - PUTUMAYO
B103: SECRETARIA DE PLANEACIÓN Y OBRA PÚBLICAS | E103: CÓDIGO | G103: 103
E104: SERIE Y SUBSERIE | G104: 51
B105: NIT. 800252922-2
B106: Modelo Integrado de Planeación y Gestión | E106: VERSIÓN | G106: 1
B107: PRESUPUESTO | E107: FECHA DEL FORMATO | G107: D/M/A
G108: 44216
A110: =Presupuesto!A8 -> ADECUACION Y MEJORAMIENTO DE AULAS ESCOLARES UBICADA EN LA INSTITUCION EDUCATIVA TECNICO COMERCIAL LA DORADA SEDE ESCUELA CENTRAL DEL MUNICIPIO DE SAN MIGUEL PUTUMAYO
A114: ANALISIS DE PRECIOS UNITARIOS
A116: BASICO III | B116: CONCRETO 2500 PSI | G116: Unidad: | H116: M3
A118: I | B118: HERRAMIENTA Y EQUIPO
B119: DESCRIPCIÓN | D119: Unidad | E119: Tarifa/Día | F119: Rend | G119: V. Unitario. | I119: ALQUILER EQUIPOS
B120: Mezcladora | D120: Hora | E120: =M120 -> 15000 | F120: 3.5 | G120: =E120*F120 -> 52500 | I120: TROMPO | J120: capa 2 bultos dia | L120: 120000 | M120: =L120/8 -> 15000
B121: Vibrador | D121: Hora | E121: =M121 -> 12500 | F121: 3.5 | G121: =E121*F121 -> 43750 | I121: VIBRO | J121: alquiler dia | L121: 100000 | M121: =L121/8 -> 12500
E122: SUBTOTAL. | H122: =ROUND(SUM(G120:G121),0) -> 96250
A123: II | B123: MATERIALES EN OBRA.
B124: DESCRIPCIÓN | D124: Unidad | E124: Cant. | F124: Precio Unit. | G124: V. Unitario. | I124: COSTOS PUESTO EN ZONA RURAL DISPERSA
B125: CEMENTO GRIS TIPO 1 | D125: KG | E125: 300 | F125: =M125 -> 760 | G125: =+F125*E125 -> 228000 | I125: CEMENTO | J125: bulto 50Kg, con transpr | L125: 38000 | M125: =L125/50 -> 760
B126: AGUA | D126: LTS | E126: 210 | F126: 180 | G126: =+F126*E126 -> 37800 | I126: ARENA | J126: viaje de volqueta 6 M3 | L126: 300000 | M126: =L126/6 -> 50000
B127: ARENA DE RIO | D127: M3 | E127: 0.48 | F127: =M126 -> 50000 | G127: =+F127*E127 -> 24000 | I127: TRITURADO | J127: viaje de volqueta 6 M3 | L127: 1500000 | M127: =L127/6 -> 250000
B128: TRITURADO | D128: M3 | E128: 0.96 | F128: =M127 -> 250000 | G128: =+F128*E128 -> 240000
E129: SUBTOTAL | H129: =(SUM(G125:G128)) -> 529800
A130: III | B130: MANO DE OBRA.
B131: DESCRIPCIÓN | C131: H-H | D131: Prestac | E131: Cant. | F131: Rend. | G131: V. Unitario.
E133: SUBTOTAL | H133: =SUM(G132) -> 0
A134: IV | B134: TRANSPORTE
B135: DESCRIPCIÓN | C135: Unidad | D135: Cantidad | E135: Prec.Unitario | G135: Vr. Unitario
...
